 Dungeon Crawl Stone Soup version 0.31-a0-180-g519b7de00c (webtiles) character file.

Game seed: 11517622731225113298

539316 qw the Slayer (level 25, -14/182 HPs)
             Began as a Gargoyle Fighter on June 20, 2023.
             Was an Elder of Okawaru.
             Demolished by a green draconian monk (37 damage)
             ... on level 1 of the Realm of Zot.
             The game lasted 00:42:37 (63810 turns).

qw the Slayer (Gargoyle Fighter)                   Turns: 63810, Time: 00:42:37

Health: -14/182    AC: 62    Str: 32    XL:     25   Next: 93%
Magic:  30/30      EV: 16    Int:  8    God:    Okawaru [****..]
Gold:   223        SH: 22    Dex:  5    Spells: 24/24 levels left

rFire   + + +        I - +4 broad axe (elec)
rCold   . . .        r - +0 tower shield
rNeg    + + .        m - +2 plate armour {rN+}
rPois   inf          g - +0 helmet of the Tundras {rPois Dex-4 Slay+6 Stlth+}
rElec   +            v - +2 cloak
rCorr   .            t - +2 pair of gloves of Ynaonun {Str+6 Int-3}
SInv    +            H - +2 pair of boots
Will    +....        b - amulet of faith Stlth
                     F - ring "Qaorunon" {rF+++ AC+4 Str-4 Slay+3 SInv}
HPRegen 0.50/turn    G - +5 ring of evasion
MPRegen 0.22/turn

%: faith
@: about to teleport, heroic, flying
A: sickness immunity, AC +19, big wings, negative energy resistance 1,
electricity resistance, torment resistance 1, petrification resistance,
screaming 1, MP-powered wands
}: 3/15 runes: decaying, serpentine, silver
a: Renounce Religion, Heroism, Finesse


You were on level 1 of the Realm of Zot.
You worshipped Okawaru.
Okawaru was greatly pleased with you.
You visited 9 branches of the dungeon, and saw 41 of its levels.
You visited the Abyss 2 times.

You collected 8192 gold pieces.
You spent 7969 gold pieces at shops.


Innate Abilities, Weirdness & Mutations

You are immune to sickness and miasma.
Your stone body is resilient. (AC +19)
You are immune to poison.
Your large and strong wings let you fly.
You resist negative energy. (rN+)
You are resistant to electric shocks. (rElec)
You are resistant to unholy torment.
You are immune to petrification.
You occasionally shout uncontrollably at your foes.
You expend magic power (3 MP) to strengthen your wands.


   Skills:
 + Level 25.4(27) Fighting
 - Level 18.0(23.0) Axes
 - Level 13.0(18.0) Throwing
 - Level 22.0(27) Armour
 - Level 5.0(10.0) Dodging
 - Level 22.0(27) Shields
 - Level 10.0 Invocations


You had 24 spell levels left.
You didn't know any spells.
Your spell library was empty.

Inventory:

Hand Weapons
 I - a +4 broad axe of electrocution (weapon)
Missiles
 c - 23 boomerangs
 B - 2 silver boomerangs (quivered)
 K - 2 javelins
Armour
 e - the +0 chain mail "Akahe" {rC+ SInv Stlth+}
   (Okawaru gifted it to you on level 14 of the Dungeon)

   rC:        It protects you from cold.
   SInv:      It lets you see invisible.
   Stlth:     It makes you more stealthy.
 g - the +0 helmet of the Tundras (worn) {rPois Dex-4 Slay+6 Stlth+}
   (Okawaru gifted it to you on level 1 of the Vaults)

   Dex:       It affects your dexterity (-4).
   Slay:      It affects your accuracy & damage with ranged weapons and melee
   (+6).
   rPois:     It protects you from poison.
   Stlth:     It makes you more stealthy.
 j - the +1 ring mail of the Sacrificial Victim {rF+ rCorr Str-2 Dex+6}
   (You bought it in a shop on level 1 of the Depths)

   Str:       It affects your strength (-2).
   Dex:       It affects your dexterity (+6).
   rF:        It protects you from fire.
   rCorr:     It protects you from acid and corrosion.
 m - a +2 plate armour of positive energy (worn)
 p - +0 acid dragon scales
 r - a +0 tower shield (worn)
 t - the +2 pair of gloves of Ynaonun (worn) {Str+6 Int-3}
   (Okawaru gifted it to you on level 4 of the Swamp)

   Str:       It affects your strength (+6).
   Int:       It affects your intelligence (-3).
 u - +0 ice dragon scales
 v - a +2 cloak (worn)
 y - a +2 chain mail of cold resistance
 C - a +4 plate armour of ponderousness
 H - a +2 pair of boots (worn)
 L - the +9 chain mail of Spring {rPois rF+ rC- MP+9}
   (You bought it in a shop on level 1 of the Depths)

   rF:        It protects you from fire.
   rC:        It makes you vulnerable to cold.
   rPois:     It protects you from poison.
   MP:        It affects your magic capacity (+9).
 N - a +2 plate armour of fire resistance
Jewellery
 b - an amulet of faith (around neck)
 k - an amulet of regeneration
 l - a ring of protection from cold
 q - a ring of protection from cold
 D - a +5 ring of evasion
 F - the ring "Qaorunon" (left hand) {rF+++ AC+4 Str-4 Slay+3 SInv}
   (You took it off a deep elf sorcerer on level 5 of the Vaults)

   [ring of protection]

   AC:        It affects your AC (+4).
   Str:       It affects your strength (-4).
   Slay:      It affects your accuracy & damage with ranged weapons and melee
   (+3).
   rF:        It renders you almost immune to fire.
   SInv:      It lets you see invisible.
 G - a +5 ring of evasion (right hand)
 M - a ring of resist corrosion
 Y - the ring "Rydghiuwa" {rPois rF+ Will+ Slay+2}
   (You took it off a tengu conjurer on level 12 of the Dungeon)

   [ring of willpower]

   Slay:      It affects your accuracy & damage with ranged weapons and melee
   (+2).
   rF:        It protects you from fire.
   rPois:     It protects you from poison.
   Will:      It increases your willpower.
Wands
 x - a wand of digging (24)
Scrolls
 i - 10 scrolls of identify
 J - 2 scrolls of teleportation
Potions
 a - 6 potions of haste
 d - 9 potions of might
 f - 6 potions of enlightenment
 h - a potion of heal wounds
 n - 17 potions of curing
 o - 10 potions of cancellation
 s - 2 potions of mutation
 w - 5 potions of resistance
 z - 11 potions of lignification
 A - 4 potions of magic
 E - 5 potions of attraction

Dungeon Overview and Level Annotations

Branches:
Dungeon (15/15)            Temple (1/1) D:6            Lair (5/5) D:11
  Swamp (4/4) Lair:2        Snake (4/4) Lair:3        Slime (0/5) Lair:5
    Orc (2/2) D:10            Elf (0/3) Orc:2        Vaults (5/5) D:14
  Crypt (0/3) Vaults:2     Depths (4/4) D:15            Zot (1/5) Depths:4

Altars:
Ashenzari
Cheibriados
Dithmenos
Elyvilon
Fedhas
Gozag
Hepliaklqana
Kikubaaqudgha
Makhleb
Nemelex Xobeh
Okawaru
Qazlal
Ru
Sif Muna
Trog
Uskayaw
Vehumet
Wu Jian
Xom
Yredelemnul
Zin
The Shining One
Jiyva

Shops:
D:2 [   D:6 [=   D:9 *   D:11 *   D:12 *(:!   Orc:1 [   Orc:2 ([!=
Vaults:1 :(   Vaults:2 *   Depths:1 [:*   Depths:3 *

Portals:
Hell: Depths:1 Depths:2 Depths:3 Depths:4
Abyss: Depths:3 Depths:4
Pandemonium: Depths:2 Depths:3
Ziggurat: Depths:4

Annotations:
D:12 1 runed translucent door, qw's ghost, journeyman GrFi
D:13 3 runed translucent doors, qw's ghost, journeyman NaHu
Lair:5 1 runed translucent door
Snake:2 6 transporters
Zot:1 1 transporter


Message History

You block the green draconian monk's attack.
You miss the green draconian monk.
The green draconian monk is severely wounded.
You hit the green draconian monk but do no damage.
The moth of wrath goads the yellow draconian on!
The yellow draconian goes berserk!
You block the green draconian monk's attack.
The green draconian monk kicks you!
The green draconian monk tail-slaps you but does no damage. x2
The green draconian monk hits you but does no damage.
You block the green draconian monk's attack. x3
You closely miss the green draconian monk.
The green draconian monk is severely wounded.
You miss the green draconian monk. The green draconian monk hits you!!
You block the green draconian monk's attack. x2
The green draconian monk tail-slaps you but does no damage.
You block the green draconian monk's attack.
The green draconian monk kicks you but does no damage.
You block the green draconian monk's attack. x2
You miss the green draconian monk.
The green draconian monk is severely wounded.
You hit the green draconian monk but do no damage.
Lightning courses through the green draconian monk!
You block the green draconian monk's attack. x3
The green draconian monk tail-slaps you but does no damage.
The green draconian monk hits you!!
The green draconian monk barely misses you.
You block the green draconian monk's attack.
The green draconian monk tail-slaps you but does no damage.
63810 ||| READING 3 scrolls of teleportation.
As you read the scroll of teleportation, it crumbles to dust.
You feel strangely unstable.
You feel the Orb delaying your translocation!
The green draconian monk hits you!
You block the green draconian monk's attack.
The green draconian monk tail-slaps you but does no damage.
You block the green draconian monk's attack.
The green draconian monk hits you!!!
You die...

#..#....!.0
..^#..^.8..$
..#.......=/
#.#..#...#$)
#.#8DD#y#..8
###.##XDqzD..#
##.ddy#########
##..##qq........
###....#.@....#.
#.....##.)))..#
##....###...##....d
#.....##.....# ###d
#...###..}.###...##
+.....#.##.##.....##
##....###..+.......#
#
##....##..#.......#
###
#........+.......#


You could see 2 shadow dragons, a tentacled monstrosity, 2 draconians, 2 storm
dragons, a black draconian, a yellow draconian (berserk), a curse toe, a purple
draconian shifter, an obsidian statue and 2 moths of wrath.

Vanquished Creatures
  2 dread liches
  2 ancient liches (Vaults:5)
  Mennas (Vaults:5)
  Bai Suzhen (Snake:3)
  Saint Roka (Depths:2)
  Margery (Depths:4)
  4 golden dragons
  A profane servitor (Abyss:2)
  5 bone dragons
  2 doom hounds (Depths:2)
  A Tzitzimitl (Depths:2)
  Mlioglotl (Snake:4)
  Rupert (D:12)
  8 tentacled monstrosities
  3 liches
  Grunn (Depths:2)
  4 titans
  4 sphinxes
  5 tentacled starspawn
  4 tengu reavers
  A draconian monk (Depths:4)
  8 shadow dragons
  A thorn hunter (Swamp:4)
  5 storm dragons
  14 nagarajas
  4 fire giants
  A draconian knight (Depths:4)
  2 balrugs (Abyss:3)
  Louise (Snake:4)
  20 vault wardens
  Aizul (Snake:4)
  4 deep elf sorcerers
  11 frost giants
  2 spectral juggernauts (Depths:2)
  A draconian scorcher (Zot:1)
  2 iron dragons (Depths:2)
  3 spectral caustic shrikes (Depths:2)
  An orc warlord (Vaults:3)
  A war gargoyle (Depths:2)
  12 ironbound preservers
  15 very ugly things
  A caustic shrike skeleton (Depths:1)
  2 spriggan defenders
  2 cacodemons (Depths:1)
  12 stone giants
  3 formless jellyfish
  3 green draconians
  10 ironbound thunderhulks
  4 vampire knights (Depths:2)
  A deep elf annihilator (Vaults:5)
  Azrael (Orc:2)
  3 black draconians
  2 lorocyprocas
  2 yellow draconians
  A spectral titan (Depths:2)
  3 deep elf demonologists (Vaults:5)
  7 eleionomae
  8 bunyips
  2 spark wasps (Depths:2)
  Snorg (D:10)
  A white draconian (Depths:4)
  10 dire elephants
  A blizzard demon (Depths:1)
  8 fire dragons
  3 eidola
  5 deep elf death magi (Depths:2)
  9 ettins
  A spectral quicksilver dragon (Depths:2)
  3 deep elf high priests (Vaults:5)
  2 green deaths (Depths:1)
  15 yaktaur captains
  A spectral golden dragon (Depths:2)
  2 rakshasas
  4 ice dragons
  2 spectral shadow dragons (Depths:2)
  A shambling mangrove (Swamp:3)
  Fannar (Orc:1)
  4 great orbs of eyes
  2 juggernaut simulacra (Depths:2)
  4 entropy weavers
  2 caustic shrike simulacra (Depths:2)
  3 salamander tyrants (Snake:4)
  35 vault guards
  18 hydras
  4 spriggan air magi
  A ghost crab (Swamp:2)
  2 spectral tengu (Depths:2)
  3 spectral frost giants (Depths:2)
  7 alligators
  6 boulder beetles
  12 ironbound frosthearts
  3 ogre magi (Orc:2)
  A merfolk avatar (Lair:5)
  A catoblepas (D:13)
  A two-headed ogre (shapeshifter) (Vaults:5)
  A death knight (D:13)
  14 anacondas
  3 two-headed ogres
  A spectral stone giant (Depths:2)
  A titan zombie (Depths:1)
  17 centaur warriors
  10 naga warriors
  2 spectral fire giants (Depths:2)
  8 deep troll shamans
  6 deep troll earth magi
  5 tengu warriors
  An orc high priest (Orc:1)
  2 spectral storm dragons (Depths:2)
  4 vampire magi
  11 naga sharpshooters
  Urug (Lair:5)
  6 spriggan berserkers
  A thrashing horror (Abyss:3)
  12 hell knights
  7 shock serpents
  5 soul eaters
  5 sun demons
  Nergalle (Orc:2)
  2 fire crabs
  4 skeletal warriors (D:12)
  A skyshark (Lair:5)
  3 spectral spark wasps (Depths:2)
  3 sixfirhies
  7 goliath frogs
  An anaconda zombie (Abyss:3)
  2 sea snakes
  A wretched star (Abyss:3)
  5 salamander mystics
  14 swamp dragons
  2 flayed ghosts
  10 iron trolls
  2 death drakes (Depths:2)
  A spriggan simulacrum (Depths:1)
  2 spectral iron dragons (Depths:2)
  A quicksilver dragon simulacrum (Depths:2)
  A glowing orange brain (shapeshifter) (D:14)
  53 deep trolls
  2 orange crystal statues (Depths:2)
  9 phantasmal warriors
  2 bog bodies
  5 spriggan druids
  7 glowing orange brains
  A tengu zombie (Depths:1)
  A golden dragon skeleton (Depths:1)
  12 wizards
  12 naga ritualists
  A steelbarb worm (shapeshifter) (Vaults:5)
  19 lindwurms
  An obsidian statue (Depths:1)
  15 ironbound convokers
  4 harpies
  6 necromancers
  2 wolf spiders
  5 orc knights
  47 ugly things
  4 deep elf pyromancers
  17 mana vipers
  8 orc sorcerers
  5 manticores
  3 will-o-the-wisps (Swamp:2)
  14 salamanders
  8 cyclopes
  50 black mambas
  A moth of wrath (Zot:1)
  A titan simulacrum (Depths:2)
  A torpor snail (Lair:5)
  A smoke demon (Abyss:2)
  A gargoyle (D:12)
  5 guardian serpents
  A water nymph (shapeshifter) (Vaults:5)
  7 elephants
  13 naga magi
  2 ice statues (Swamp:1)
  19 vault sentinels
  3 rust devils
  16 cane toads
  A storm dragon simulacrum (Depths:2)
  2 unseen horrors
  2 rime drakes
  A hellion (Depths:1)
  8 komodo dragons
  A kobold demonologist (Orc:1)
  An unseen horror (shapeshifter) (D:15)
  47 yaktaurs
  A tormentor (Depths:1)
  3 golden dragon simulacra
  2 freezing wraiths
  4 tengu conjurers
  2 ancient zymes (Abyss:2)
  A queen bee (shapeshifter) (Depths:3)
  3 meliai (D:15)
  A red devil (Depths:1)
  6 spectral glowing shapeshifters (Depths:2)
  6 trolls
  A bloated husk (Swamp:3)
  A wind drake (Lair:5)
  6 polar bears
  A troll (shapeshifter) (D:15)
  2 shadow dragon simulacra (Depths:2)
  4 tyrant leeches
  A tengu simulacrum (Depths:2)
  14 hornets
  Prince Ribbit (Lair:3)
  19 blink frogs
  6 raiju
  2 snapping turtles (Lair:5)
  7 dream sheep (Lair:5)
  A centaur simulacrum (D:15)
  5 ynoxinuls
  A jumping spider (Vaults:2)
  A culicivora (shapeshifter) (D:13)
  5 wraiths
  35 slime creatures
  15 spriggans
  7 water elementals
  9 wyverns
  A vampire (D:11)
  5 large abominations
  5 basilisks
  38 yaks
  4 fire elementals (Orc:2)
  12 starcursed masses
  19 humans (D:14)
  4 redbacks
  26 vampire mosquitoes
  A chaos spawn (Abyss:2)
  2 steam dragons
  5 neqoxecs
  11 swamp worms
  Menkaure (D:4)
  4 wargs
  55 nagas
  An acid dragon (D:12)
  A floating eye (Depths:2)
  12 water moccasins
  8 swamp drakes
  28 orc warriors
  A glowing shapeshifter skeleton (Depths:1)
  2 ice beasts
  6 ogres
  2 boggarts
  4 black bears
  2 sky beasts
  11 centaurs
  33 wolves
  10 kobold brigands
  20 bullfrogs
  2 gnoll sergeants (D:9)
  2 scorpions
  A glowing shapeshifter simulacrum (Depths:2)
  5 necrophages (Lair:4)
  5 wights
  10 small abominations
  5 killer bees (D:9)
  3 howler monkeys
  4 electric eels
  2 quasits (Abyss:3)
  6 jellies
  20 orc priests
  3 hounds
  3 sleepcaps
  3 gnoll boudas
  4 iron imps
  Natasha (D:4)
  4 iguanas
  36 orc wizards
  A mummy (D:7)
  4 adders
  22 gnolls
  2 white imps
  2 ufetubi (Abyss:2)
  A worm (D:2)
  7 dart slugs
  75 orcs
  11 endoplasms
  4 giant cockroaches
  11 goblins
  8 hobgoblins
  2 jackals (D:1)
  4 quokkas
  4 ball pythons
  9 bats
  6 frilled lizards
  20 kobolds
  2 orc zombies (D:7)
  8 rats
  A lurking horror (Abyss:2)
  8 starspawn tentacles
1879 creatures vanquished.

Vanquished Creatures (others)
  A hydra (Swamp:4)
  A lindwurm (Swamp:4)
  A bloated husk (Swamp:4)
  A small abomination (Abyss:2)
  2 orc wizards (Orc:2)
  An orc (Orc:1)
  16 foxfires (Swamp:2)
  6 starspawn tentacles
29 creatures vanquished.

Grand Total: 1908 creatures vanquished

Notes
Turn   | Place    | Note
-------+----------+-------------------------------------------
     0 | D:1      | qw the Gargoyle Fighter began the quest for the Orb.
     0 | D:1      | Reached XP level 1. HP: 14/14 MP: 1/1
     0 | D:1      | 0 ||| qw: Version: 0.3-a-9-g12657ce
     0 | D:1      | 0 ||| qw: Game counter: 1157
     0 | D:1      | 0 ||| qw: Always use a shield: true
     0 | D:1      | 0 ||| qw: God list: Okawaru
     0 | D:1      | 0 ||| qw: Allow faded altars: false
     0 | D:1      | 0 ||| qw: Do Orc after D:15 true
     0 | D:1      | 0 ||| qw: Do second Lair branch before Depths: true
     0 | D:1      | 0 ||| qw: Lair rune preference: random
     0 | D:1      | 0 ||| qw: Plans: Normal, Zot:1-4, Slime:5, God:TSO, Crypt,
                  | Tomb, Abyss, Pan, Hells, Win
     0 | D:1      | 0 ||| PLANNING D:1-11
   109 | D:1      | 109 ||| Stepping ~*~*~tactically~*~*~ (hiding).
   152 | D:1      | 152 ||| Stepping ~*~*~tactically~*~*~ (stealth).
   157 | D:1      | Reached XP level 2. HP: 19/19 MP: 2/2
   180 | D:1      | 180 ||| Stepping ~*~*~tactically~*~*~ (hiding).
   181 | D:1      | 181 ||| Stepping ~*~*~tactically~*~*~ (hiding).
   182 | D:1      | 182 ||| Stepping ~*~*~tactically~*~*~ (hiding).
   183 | D:1      | 183 ||| Stepping ~*~*~tactically~*~*~ (hiding).
   357 | D:1      | 357 ||| Stepping ~*~*~tactically~*~*~ (stealth).
   405 | D:1      | Reached skill level 3 in Axes
   478 | D:1      | Reached XP level 3. HP: 23/23 MP: 3/3
   645 | D:1      | Reached skill level 1 in Throwing
   646 | D:1      | 646 ||| Stepping ~*~*~tactically~*~*~ (stealth).
   647 | D:1      | 647 ||| Stepping ~*~*~tactically~*~*~ (stealth).
   683 | D:1      | 683 ||| Stepping ~*~*~tactically~*~*~ (hiding).
   986 | D:1      | 986 ||| UPGRADING to +5 ring of evasion.
   987 | D:1      | 987 ||| READING scroll labelled QAMMECWENO.
   988 | D:1      | 988 ||| READING 3 scrolls labelled HIRCHIE HEOTTY.
   989 | D:1      | 989 ||| READING 4 scrolls labelled CADEUC DAOTT.
   990 | D:1      | 990 ||| READING scroll labelled JOLULO DOFE.
   991 | D:1      | 991 ||| READING scroll labelled YZAEBL NORHEBUUMOS.
   992 | D:1      | 992 ||| READING 3 scrolls of identify.
   992 | D:1      | 992 ||| IDENTIFYING brown potion
   993 | D:1      | 993 ||| DROPPING 2 scrolls of blinking.
   994 | D:1      | 994 ||| DROPPING potion of berserk rage.
  1084 | D:2      | 1084 ||| DROPPING +0 whip.
  1150 | D:2      | Reached XP level 4. HP: 21/28 MP: 4/4
  1150 | D:2      | 1150 ||| FLEEEEING.
  1151 | D:2      | 1151 ||| FLEEEEING.
  1152 | D:2      | 1152 ||| FLEEEEING.
  1153 | D:2      | 1153 ||| FLEEEEING.
  1154 | D:2      | 1154 ||| FLEEEEING.
  1155 | D:2      | 1155 ||| FLEEEEING.
  1156 | D:2      | 1156 ||| FLEEEEING.
  1157 | D:2      | 1157 ||| FLEEEEING.
  1158 | D:2      | 1158 ||| FLEEEEING.
  1159 | D:2      | 1159 ||| FLEEEEING.
  1160 | D:2      | 1160 ||| FLEEEEING.
  1161 | D:2      | 1161 ||| FLEEEEING.
  1162 | D:2      | 1162 ||| FLEEEEING.
  1163 | D:2      | 1163 ||| FLEEEEING.
  1164 | D:2      | 1164 ||| FLEEEEING.
  1165 | D:2      | 1165 ||| FLEEEEING.
  1166 | D:2      | 1166 ||| FLEEEEING.
  1167 | D:2      | 1167 ||| FLEEEEING.
  1168 | D:2      | 1168 ||| FLEEEEING.
  1192 | D:2      | Found a faded altar of an unknown god.
  1224 | D:2      | Found Renenn's Armour Shoppe.
  1225 | D:2      | 1225 ||| Stepping ~*~*~tactically~*~*~ (hiding).
  1344 | D:2      | 1344 ||| SHOPLISTING +0 cloak (58 gold, have 24).
  1344 | D:2      | 1344 ||| SHOPLISTING +0 plate armour (299 gold, have 24).
  1344 | D:2      | 1344 ||| SHOPLISTING +1 cloak (149 gold, have 24).
  1344 | D:2      | 1344 ||| SHOPLISTING +2 chain mail of poison resistance
                  | (240 gold, have 24).
  1344 | D:2      | 1344 ||| SHOPLISTING +2 plate armour of fire resistance
                  | (520 gold, have 24).
  1569 | D:2      | 1569 ||| Stepping ~*~*~tactically~*~*~ (hiding).
  1703 | D:2      | 1703 ||| UPGRADING to +0 chain mail.
  1713 | D:2      | 1713 ||| DROPPING +0 scale mail.
  1714 | D:2      | 1714 ||| UPGRADING to +0 plate armour.
  1724 | D:2      | 1724 ||| DROPPING +0 chain mail.
  1725 | D:2      | 1725 ||| UPGRADING to ring of protection from fire.
  1726 | D:2      | 1726 ||| READING scroll labelled DECAOCEIFA.
  1727 | D:2      | 1727 ||| READING 2 scrolls labelled ACUDUD NAMPOI.
  1732 | D:2      | 1732 ||| DRINKING 2 inky potions.
  1760 | D:3      | Reached XP level 5. HP: 25/32 MP: 5/5
  1865 | D:3      | HP: 1/32 [orc priest/divine providence (12)]
  1866 | D:3      | 1866 ||| READING scroll of teleportation.
  1867 | D:3      | 1867 ||| DRINKING potion of heal wounds.
  2073 | D:3      | 2073 ||| Stepping ~*~*~tactically~*~*~ (stealth).
  2074 | D:3      | 2074 ||| Stepping ~*~*~tactically~*~*~ (stealth).
  2075 | D:3      | 2075 ||| READING scroll of enchant weapon.
  2075 | D:3      | 2075 ||| ENCHANTING +1 war axe of venom.
  2078 | D:3      | 2078 ||| Stepping ~*~*~tactically~*~*~ (stealth).
  2079 | D:3      | 2079 ||| Stepping ~*~*~tactically~*~*~ (stealth).
  2080 | D:3      | 2080 ||| Stepping ~*~*~tactically~*~*~ (stealth).
  2082 | D:3      | 2082 ||| Stepping ~*~*~tactically~*~*~ (stealth).
  2084 | D:3      | 2084 ||| Stepping ~*~*~tactically~*~*~ (hiding).
  2085 | D:3      | 2085 ||| Stepping ~*~*~tactically~*~*~ (hiding).
  2087 | D:3      | 2087 ||| Stepping ~*~*~tactically~*~*~ (hiding).
  2102 | D:3      | 2102 ||| Stepping ~*~*~tactically~*~*~ (stealth).
  2496 | D:3      | 2496 ||| READING 2 scrolls labelled XUHYOM DAHEA.
  2497 | D:3      | 2497 ||| READING scroll labelled PAL JOXKORACVU.
  2498 | D:3      | 2498 ||| READING scroll labelled TOETY FUAZEODE.
  2499 | D:3      | 2499 ||| DROPPING scroll of vulnerability.
  2577 | D:4      | 2577 ||| Stepping ~*~*~tactically~*~*~ (hiding).
  2582 | D:4      | Noticed a black bear
  2584 | D:4      | Reached skill level 4 in Fighting
  2584 | D:4      | Reached XP level 6. HP: 38/38 MP: 6/6
  2584 | D:4      | 2584 ||| Stepping ~*~*~tactically~*~*~ (stealth).
  2590 | D:4      | Killed a black bear
  2603 | D:4      | 2603 ||| Stepping ~*~*~tactically~*~*~ (hiding).
  2664 | D:4      | 2664 ||| Stepping ~*~*~tactically~*~*~ (stealth).
  3072 | D:4      | Noticed Menkaure
  3079 | D:4      | Killed Menkaure
  3080 | D:4      | Reached skill level 6 in Axes
  3080 | D:4      | Reached XP level 7. HP: 36/43 MP: 7/7
  3215 | D:4      | 3215 ||| READING scroll of enchant armour.
  3215 | D:4      | 3215 ||| ENCHANTING +0 plate armour.
  3494 | D:4      | Noticed Natasha
  3501 | D:4      | Killed Natasha
  3538 | D:4      | 3538 ||| Stepping ~*~*~tactically~*~*~ (hiding).
  3604 | D:4      | 3604 ||| DRINKING 2 metallic grey potions.
  3605 | D:4      | 3605 ||| READING 8 scrolls of identify.
  3605 | D:4      | 3605 ||| IDENTIFYING blue potion
  3606 | D:4      | 3606 ||| READING 7 scrolls of identify.
  3606 | D:4      | 3606 ||| IDENTIFYING viscous orange potion
  3607 | D:4      | 3607 ||| READING 6 scrolls of identify.
  3607 | D:4      | 3607 ||| IDENTIFYING smoky black potion
  3608 | D:4      | 3608 ||| DROPPING potion of ambrosia.
  3660 | D:5      | Entered Level 5 of the Dungeon
  3667 | D:5      | 3667 ||| STAIRDANCE
  3839 | D:5      | Found a shimmering blue altar of Sif Muna.
  3849 | D:5      | Reached skill level 5 in Fighting
  3896 | D:5      | Reached skill level 1 in Dodging
  3910 | D:5      | Reached XP level 8. HP: 39/49 MP: 8/8
  4256 | D:5      | 4256 ||| Stepping ~*~*~tactically~*~*~ (stealth).
  4257 | D:5      | 4257 ||| Stepping ~*~*~tactically~*~*~ (stealth).
  4692 | D:5      | 4692 ||| READING scroll labelled YSETZU YGUCUPH.
  4802 | D:6      | Found a staircase to the Ecumenical Temple.
  4803 | D:6      | 4803 ||| PLANNING TEMPLE
  4804 | D:6      | 4804 ||| READING scroll labelled ECLOR NIDAMEG.
  4804 | D:6      | Identified a scroll of acquirement
  4804 | D:6      | 4804 ||| ACQUIRING ring of Poarirol {+Blink Dex+6}
  4804 | D:6      | Acquired the ring of Poarirol {+Blink Dex+6}
  4816 | Temple   | Entered the Ecumenical Temple
  4816 | Temple   | Found a transporter.
  4816 | Temple   | Found a transporter.
  4818 | Temple   | Found a transporter.
  4818 | Temple   | Found a transporter.
  4828 | Temple   | 4828 ||| PLANNING D:1-11
  4845 | Temple   | 4845 ||| PLANNING OKAWARU WORSHIP
  4852 | Temple   | Became a worshipper of Warmaster Okawaru
  4853 | Temple   | 4853 ||| PLANNING D:1-11
  4875 | D:6      | Found Kileqops's Jewellery Boutique.
  4892 | D:6      | 4892 ||| SHOPLISTING +5 ring of evasion (540 gold, have
                  | 208).
  4892 | D:6      | 4892 ||| SHOPLISTING +6 ring of strength (540 gold, have
                  | 208).
  4892 | D:6      | 4892 ||| SHOPLISTING amulet of guardian spirit (450 gold,
                  | have 208).
  4892 | D:6      | 4892 ||| SHOPLISTING amulet of reflection (450 gold, have
                  | 208).
  4892 | D:6      | 4892 ||| SHOPLISTING amulet of the acrobat (450 gold, have
                  | 208).
  4892 | D:6      | 4892 ||| SHOPLISTING ring of Rykissey {Contam rPois rC+
                  | rCorr Dex+3} (637 gold, have 208).
  4892 | D:6      | 4892 ||| SHOPLISTING ring of Uduuwk {rN+ Str+3} (499 gold,
                  | have 208).
  4895 | D:6      | 4895 ||| Stepping ~*~*~tactically~*~*~ (stealth).
  5036 | D:6      | Noticed a wraith
  5052 | D:6      | Killed a wraith
  5173 | D:6      | Reached * piety under Okawaru
  5177 | D:6      | Found Heddew's Antique Armour Shoppe.
  5295 | D:6      | 5295 ||| BUYING cloak (121 gold).
  5295 | D:6      | Bought a cloak for 121 gold pieces
  5295 | D:6      | 5295 ||| SHOPLISTING runed buckler (202 gold, have 136).
  5295 | D:6      | 5295 ||| SHOPLISTING shiny plate armour (702 gold, have
                  | 136).
  5391 | D:6      | 5391 ||| UPGRADING to +0 cloak.
  5443 | D:6      | Reached skill level 6 in Fighting
  5451 | D:6      | 5451 ||| READING scroll labelled KIUGRA QYRE.
  5552 | D:6      | 5552 ||| READING scroll labelled RUISKIOLAG.
  5586 | D:6      | 5586 ||| READING 8 scrolls of identify.
  5586 | D:6      | 5586 ||| IDENTIFYING bubbling inky potion
  5610 | D:7      | 5610 ||| PLANNING OSSUARY
  5625 | D:7      | Reached skill level 1 in Invocations
  5627 | D:7      | Reached XP level 9. HP: 54/55 MP: 8/10
  5833 | D:7      | 5833 ||| Stepping ~*~*~tactically~*~*~ (stealth).
  5838 | D:7      | 5838 ||| Stepping ~*~*~tactically~*~*~ (stealth).
  5840 | D:7      | 5840 ||| Stepping ~*~*~tactically~*~*~ (stealth).
  5854 | D:7      | Reached skill level 3 in Invocations
  6055 | D:7      | Found a sparkling altar of Nemelex Xobeh.
  6238 | D:7      | 6238 ||| RIP OSSUARY
  6240 | D:7      | 6240 ||| PLANNING D:1-11
  6273 | D:7      | 6273 ||| Stepping ~*~*~tactically~*~*~ (hiding).
  6409 | D:7      | Reached ** piety under Okawaru
  6531 | D:7      | 6531 ||| UPGRADING to +0 helmet.
  6536 | D:7      | 6536 ||| READING 8 scrolls of identify.
  6536 | D:7      | 6536 ||| IDENTIFYING fizzy red potion
  6537 | D:7      | 6537 ||| READING 7 scrolls of identify.
  6537 | D:7      | 6537 ||| IDENTIFYING black potion
  6616 | D:8      | Reached skill level 9 in Axes
  6644 | D:8      | 6644 ||| Stepping ~*~*~tactically~*~*~ (stealth).
  6648 | D:8      | 6648 ||| Stepping ~*~*~tactically~*~*~ (stealth).
  6668 | D:8      | 6668 ||| Stepping ~*~*~tactically~*~*~ (stealth).
  6670 | D:8      | 6670 ||| Stepping ~*~*~tactically~*~*~ (stealth).
  6672 | D:8      | 6672 ||| Stepping ~*~*~tactically~*~*~ (stealth).
  6678 | D:8      | 6678 ||| Stepping ~*~*~tactically~*~*~ (stealth).
  6680 | D:8      | 6680 ||| Stepping ~*~*~tactically~*~*~ (hiding).
  6903 | D:8      | 6903 ||| INVOKING Heroism.
  6914 | D:8      | Reached skill level 6 in Armour
  6993 | D:8      | 6993 ||| Stepping ~*~*~tactically~*~*~ (hiding).
  6995 | D:8      | 6995 ||| INVOKING Heroism.
  7088 | D:8      | 7088 ||| Stepping ~*~*~tactically~*~*~ (stealth).
  7306 | D:8      | 7306 ||| INVOKING Heroism.
  7317 | D:8      | Reached skill level 7 in Fighting
  7430 | D:8      | 7430 ||| READING 6 scrolls of identify.
  7430 | D:8      | 7430 ||| IDENTIFYING yellow potion
  7431 | D:8      | 7431 ||| DROPPING potion of brilliance.
  7487 | D:9      | Noticed a hornet
  7495 | D:9      | 7495 ||| STAIRDANCE
  7495 | D:9      | Killed a hornet
  7496 | D:9      | Reached XP level 10. HP: 52/63 MP: 13/13
  7536 | D:9      | 7536 ||| STAIRDANCE
  7665 | D:9      | Found a flagged portal.
  7684 | D:9      | Reached *** piety under Okawaru
  7713 | D:9      | 7713 ||| INVOKING Heroism.
  7827 | D:9      | 7827 ||| INVOKING Heroism.
  7830 | D:9      | Reached skill level 8 in Fighting
  7841 | D:9      | 7841 ||| Stepping ~*~*~tactically~*~*~ (hiding).
  7862 | D:9      | 7862 ||| Stepping ~*~*~tactically~*~*~ (stealth).
  7870 | D:9      | 7870 ||| INVOKING Heroism.
  7887 | D:9      | 7887 ||| INVOKING Heroism.
  7893 | D:9      | 7893 ||| Stepping ~*~*~tactically~*~*~ (hiding).
  7894 | D:9      | 7894 ||| Stepping ~*~*~tactically~*~*~ (hiding).
  7895 | D:9      | 7895 ||| Stepping ~*~*~tactically~*~*~ (hiding).
  7907 | D:9      | 7907 ||| Stepping ~*~*~tactically~*~*~ (stealth).
  7908 | D:9      | 7908 ||| FLEEEEING.
  7952 | D:9      | 7952 ||| INVOKING Heroism.
  8081 | D:9      | 8081 ||| FLEEEEING.
  8150 | D:9      | Found Kuelakaog's Demolitions Depot.
  8216 | D:9      | 8216 ||| INVOKING Heroism.
  8318 | D:9      | 8318 ||| INVOKING Heroism.
  8319 | D:9      | 8319 ||| UPGRADING to +0 pair of boots.
  8334 | D:9      | 8334 ||| INVOKING Heroism.
  8559 | D:9      | 8559 ||| READING scroll labelled OZI VIBBAEGURR.
  8589 | D:10     | Entered Level 10 of the Dungeon
  8601 | D:10     | 8601 ||| FLEEEEING.
  8602 | D:10     | 8602 ||| FLEEEEING.
  8603 | D:10     | 8603 ||| FLEEEEING.
  8604 | D:10     | 8604 ||| FLEEEEING.
  8605 | D:10     | 8605 ||| FLEEEEING.
  8606 | D:10     | 8606 ||| FLEEEEING.
  8607 | D:10     | 8607 ||| FLEEEEING.
  8608 | D:10     | 8608 ||| FLEEEEING.
  8636 | D:10     | 8636 ||| FLEEEEING.
  8637 | D:10     | 8637 ||| FLEEEEING.
  8638 | D:10     | 8638 ||| FLEEEEING.
  8639 | D:10     | 8639 ||| FLEEEEING.
  8640 | D:10     | 8640 ||| FLEEEEING.
  8641 | D:10     | 8641 ||| FLEEEEING.
  8642 | D:10     | 8642 ||| FLEEEEING.
  8643 | D:10     | 8643 ||| FLEEEEING.
  8644 | D:10     | 8644 ||| FLEEEEING.
  8645 | D:10     | 8645 ||| FLEEEEING.
  8646 | D:10     | 8646 ||| FLEEEEING.
  8647 | D:10     | 8647 ||| FLEEEEING.
  8648 | D:10     | 8648 ||| STAIRDANCE
  8774 | D:10     | 8774 ||| Stepping ~*~*~tactically~*~*~ (stealth).
  8783 | D:10     | 8783 ||| INVOKING Heroism.
  8789 | D:10     | Reached XP level 11. HP: 46/68 MP: 11/14
  8793 | D:10     | Reached **** piety under Okawaru
  8858 | D:10     | 8858 ||| Stepping ~*~*~tactically~*~*~ (stealth).
  8898 | D:10     | 8898 ||| INVOKING Heroism.
  8914 | D:10     | Noticed Snorg
  8920 | D:10     | 8920 ||| INVOKING Heroism.
  8940 | D:10     | Killed Snorg
  8940 | D:10     | Received a gift from Okawaru
  8941 | D:10     | Reached skill level 9 in Fighting
  8941 | D:10     | 8941 ||| FLEEEEING.
  8942 | D:10     | 8942 ||| FLEEEEING.
  8943 | D:10     | 8943 ||| FLEEEEING.
  8944 | D:10     | 8944 ||| FLEEEEING.
  8945 | D:10     | 8945 ||| FLEEEEING.
  8946 | D:10     | 8946 ||| FLEEEEING.
  8947 | D:10     | 8947 ||| FLEEEEING.
  8948 | D:10     | 8948 ||| FLEEEEING.
  8949 | D:10     | 8949 ||| FLEEEEING.
  8950 | D:10     | 8950 ||| FLEEEEING.
  8951 | D:10     | 8951 ||| Stepping ~*~*~tactically~*~*~ (stealth).
  8952 | D:10     | 8952 ||| FLEEEEING.
  8953 | D:10     | 8953 ||| Stepping ~*~*~tactically~*~*~ (stealth).
  8954 | D:10     | 8954 ||| INVOKING Heroism.
  9186 | D:10     | Found a staircase to the Orcish Mines.
  9190 | D:10     | Found a hide-covered altar of Uskayaw.
  9195 | D:10     | Identified the +2 ring mail of Patypt {Fly rN+ Dex-3}
  9558 | D:10     | 9558 ||| READING scroll of enchant armour.
  9558 | D:10     | 9558 ||| ENCHANTING +0 helmet.
  9849 | D:11     | 9849 ||| Stepping ~*~*~tactically~*~*~ (stealth).
  9860 | D:11     | 9860 ||| INVOKING Heroism.
  9866 | D:11     | Received a gift from Okawaru
 10000 | D:11     | Found an opulent altar of Gozag.
 10000 | D:11     | Found Gozag's Platinum Reserve.
 10014 | D:11     | 10014 ||| SHOPLISTING ring "Xukusm" {rElec rN+ EV+5 Int+2}
                  | (5840 gold, have 332).
 10050 | D:11     | Noticed a cyclops
 10051 | D:11     | 10051 ||| INVOKING Heroism.
 10059 | D:11     | Killed a cyclops
 10177 | D:11     | 10177 ||| Stepping ~*~*~tactically~*~*~ (hiding).
 10183 | D:11     | 10183 ||| INVOKING Heroism.
 10189 | D:11     | Reached skill level 3 in Throwing
 10238 | D:11     | 10238 ||| Stepping ~*~*~tactically~*~*~ (stealth).
 10252 | D:11     | 10252 ||| Stepping ~*~*~tactically~*~*~ (stealth).
 10268 | D:11     | 10268 ||| FLEEEEING.
 10269 | D:11     | 10269 ||| FLEEEEING.
 10297 | D:11     | Found a staircase to the Lair.
 10310 | D:11     | 10310 ||| Stepping ~*~*~tactically~*~*~ (stealth).
 10327 | D:11     | 10327 ||| Stepping ~*~*~tactically~*~*~ (hiding).
 10349 | D:11     | Reached skill level 12 in Axes
 10496 | D:11     | 10496 ||| INVOKING Heroism.
 10917 | D:11     | Noticed a boulder beetle
 10918 | D:11     | 10918 ||| INVOKING Heroism.
 10930 | D:11     | Killed a boulder beetle
 10931 | D:11     | Reached skill level 9 in Armour
 10965 | D:11     | 10965 ||| PLANNING LAIR
 10965 | D:11     | 10965 ||| READING scroll labelled PAENIXOMYSCH.
 10966 | D:11     | 10966 ||| READING 9 scrolls of identify.
 10966 | D:11     | 10966 ||| IDENTIFYING green potion
 10996 | Lair:1   | Entered Level 1 of the Lair of Beasts
 11034 | Lair:1   | 11034 ||| INVOKING Heroism.
 11150 | Lair:1   | 11150 ||| Stepping ~*~*~tactically~*~*~ (stealth).
 11151 | Lair:1   | 11151 ||| INVOKING Heroism.
 11161 | Lair:1   | Reached skill level 6 in Shields
 11171 | Lair:1   | 11171 ||| Stepping ~*~*~tactically~*~*~ (stealth).
 11173 | Lair:1   | 11173 ||| Stepping ~*~*~tactically~*~*~ (stealth).
 11175 | Lair:1   | 11175 ||| Stepping ~*~*~tactically~*~*~ (stealth).
 11181 | Lair:1   | 11181 ||| FLEEEEING.
 11182 | Lair:1   | 11182 ||| FLEEEEING.
 11183 | Lair:1   | 11183 ||| FLEEEEING.
 11184 | Lair:1   | 11184 ||| FLEEEEING.
 11195 | Lair:1   | Reached XP level 12. HP: 56/76 MP: 16/16
 11288 | Lair:1   | You fall into a shaft and drop 1 floor!
 11290 | Lair:2   | 11290 ||| INVOKING Heroism.
 11412 | Lair:1   | Reached skill level 10 in Fighting
 11469 | Lair:1   | 11469 ||| INVOKING Heroism.
 11576 | Lair:1   | Found a glowing silver altar of Zin.
 11581 | Lair:1   | 11581 ||| INVOKING Heroism.
 11858 | Lair:1   | 11858 ||| Stepping ~*~*~tactically~*~*~ (stealth).
 12087 | Lair:2   | 12087 ||| STAIRDANCE
 12094 | Lair:1   | Reached skill level 6 in Invocations
 12278 | Lair:2   | 12278 ||| INVOKING Heroism.
 12429 | Lair:2   | 12429 ||| INVOKING Heroism.
 12579 | Lair:2   | 12579 ||| INVOKING Heroism.
 12582 | Lair:2   | Received a gift from Okawaru
 12606 | Lair:2   | 12606 ||| Stepping ~*~*~tactically~*~*~ (stealth).
 12615 | Lair:2   | 12615 ||| INVOKING Heroism.
 12683 | Lair:2   | Found a staircase to the Swamp.
 12685 | Lair:2   | 12685 ||| Stepping ~*~*~tactically~*~*~ (hiding).
 12927 | Lair:2   | 12927 ||| Stepping ~*~*~tactically~*~*~ (water).
 13094 | Lair:2   | 13094 ||| UPGRADING to +0 kite shield of fire resistance.
 13104 | Lair:2   | 13104 ||| DROPPING +0 buckler.
 13105 | Lair:2   | 13105 ||| UPGRADING to ring of protection from cold.
 13107 | Lair:2   | 13107 ||| READING scroll labelled JOOJOPLI JAIFI.
 13149 | Lair:3   | 13149 ||| Stepping ~*~*~tactically~*~*~ (stealth).
 13150 | Lair:3   | Noticed Prince Ribbit
 13151 | Lair:3   | 13151 ||| INVOKING Heroism.
 13157 | Lair:3   | Killed Prince Ribbit
 13166 | Lair:3   | 13166 ||| INVOKING Heroism.
 13312 | Lair:3   | 13312 ||| INVOKING Heroism.
 13486 | Lair:3   | Found a staircase to the Snake Pit.
 13501 | Lair:3   | Reached skill level 9 in Invocations
 13569 | Lair:3   | 13569 ||| READING scroll of enchant weapon.
 13569 | Lair:3   | 13569 ||| ENCHANTING +2 war axe of venom.
 13604 | Lair:3   | 13604 ||| Stepping ~*~*~tactically~*~*~ (stealth).
 13670 | Lair:3   | 13670 ||| Stepping ~*~*~tactically~*~*~ (stealth).
 13672 | Lair:3   | 13672 ||| Stepping ~*~*~tactically~*~*~ (stealth).
 13690 | Lair:3   | Reached ***** piety under Okawaru
 13691 | Lair:3   | Reached XP level 13. HP: 82/82 MP: 19/19
 13781 | Lair:3   | 13781 ||| INVOKING Heroism.
 13958 | Lair:3   | Received a gift from Okawaru
 14230 | Lair:3   | 14230 ||| READING 10 scrolls of identify.
 14230 | Lair:3   | 14230 ||| IDENTIFYING fuming dark potion
 14231 | Lair:3   | 14231 ||| DROPPING potion of degeneration.
 14237 | Lair:4   | 14237 ||| INVOKING Heroism.
 14401 | Lair:4   | Reached skill level 9 in Shields
 14408 | Lair:4   | 14408 ||| INVOKING Heroism.
 15126 | Lair:4   | 15126 ||| UPGRADING to amulet of regeneration.
 15167 | Lair:5   | Entered Level 5 of the Lair of Beasts
 15168 | Lair:5   | 15168 ||| INVOKING Heroism.
 15170 | Lair:5   | 15170 ||| SWAPPING to +0 morningstar.
 15180 | Lair:5   | 15180 ||| SWAPPING to +3 war axe of venom.
 15229 | Lair:5   | Noticed a dire elephant
 15230 | Lair:5   | 15230 ||| INVOKING Heroism.
 15260 | Lair:5   | HP: 7/82 [dire elephant (19)]
 15261 | Lair:5   | 15261 ||| READING 4 scrolls of teleportation.
 15261 | Lair:5   | Killed a dire elephant
 15265 | Lair:5   | 15265 ||| DRINKING 2 potions of heal wounds.
 15266 | Lair:5   | 15266 ||| INVOKING Heroism.
 15335 | Lair:5   | 15335 ||| INVOKING Heroism.
 15447 | Lair:5   | 15447 ||| INVOKING Heroism.
 15496 | Lair:5   | Noticed Urug
 15497 | Lair:5   | 15497 ||| INVOKING Heroism.
 15511 | Lair:5   | Killed Urug
 15517 | Lair:5   | 15517 ||| Stepping ~*~*~tactically~*~*~ (stealth).
 15518 | Lair:5   | 15518 ||| Stepping ~*~*~tactically~*~*~ (stealth).
 15545 | Lair:5   | 15545 ||| INVOKING Heroism.
 15552 | Lair:5   | 15552 ||| SWAPPING to +0 morningstar.
 15559 | Lair:5   | Gained mutation: Your large and strong wings let you fly.
                  | [Gargoyle growth]
 15559 | Lair:5   | Reached XP level 14. HP: 73/88 MP: 19/21
 15559 | Lair:5   | 15559 ||| SWAPPING to +3 war axe of venom.
 15651 | Lair:5   | 15651 ||| Stepping ~*~*~tactically~*~*~ (stealth).
 15670 | Lair:5   | 15670 ||| INVOKING Heroism.
 15673 | Lair:5   | 15673 ||| SWAPPING to +0 morningstar.
 15680 | Lair:5   | 15680 ||| SWAPPING to +3 war axe of venom.
 15795 | Lair:5   | Found a runed translucent door.
 15795 | Lair:5   | Found a viscous altar of Jiyva.
 15807 | Lair:5   | Noticed an acid blob
 15808 | Lair:5   | Found a staircase to the Slime Pits.
 15809 | Lair:5   | Noticed an acid blob
 15840 | Lair:5   | 15840 ||| Stepping ~*~*~tactically~*~*~ (stealth).
 16000 | Lair:5   | 16000 ||| INVOKING Heroism.
 16001 | Lair:5   | 16001 ||| SWAPPING to +0 broad axe.
 16002 | Lair:5   | 16002 ||| INVOKING Finesse.
 16006 | Lair:5   | 16006 ||| SWAPPING to +0 morningstar.
 16011 | Lair:5   | Reached skill level 11 in Fighting
 16011 | Lair:5   | 16011 ||| SWAPPING to +0 broad axe.
 16014 | Lair:5   | 16014 ||| DROPPING +3 war axe of venom.
 16172 | Lair:5   | 16172 ||| INVOKING Heroism.
 16249 | Lair:5   | 16249 ||| INVOKING Heroism.
 16250 | Lair:5   | 16250 ||| SWAPPING to +0 morningstar.
 16258 | Lair:5   | 16258 ||| SWAPPING to +0 broad axe.
 16347 | Lair:5   | Found the +5 glaive of the Guard {elec, spectral, AC+5}
 16351 | Lair:5   | 16351 ||| Stepping ~*~*~tactically~*~*~ (hiding).
 16356 | Lair:5   | 16356 ||| INVOKING Heroism.
 16426 | Lair:5   | 16426 ||| PLANNING D
 16426 | Lair:5   | 16426 ||| DROPPING amulet of magic regeneration.
 16427 | Lair:5   | 16427 ||| DROPPING ring of willpower.
 16428 | Lair:5   | 16428 ||| DROPPING ring of Poarirol {+Blink Dex+6}.
 16429 | Lair:5   | 16429 ||| UPGRADING to +6 ring of strength.
 16431 | Lair:5   | 16431 ||| READING 13 scrolls of identify.
 16431 | Lair:5   | 16431 ||| IDENTIFYING sapphire potion
 16432 | Lair:5   | 16432 ||| READING 12 scrolls of identify.
 16432 | Lair:5   | 16432 ||| IDENTIFYING viscous dark potion
 16433 | Lair:5   | 16433 ||| READING 11 scrolls of identify.
 16433 | Lair:5   | 16433 ||| IDENTIFYING sedimented orange potion
 16434 | Lair:5   | 16434 ||| DROPPING potion of invisibility.
 16554 | D:12     | Noticed Rupert
 16555 | D:12     | 16555 ||| INVOKING Heroism.
 16563 | D:12     | 16563 ||| DRINKING 2 potions of curing.
 16563 | D:12     | 16563 ||| (to cure confusion)
 16576 | D:12     | HP: 17/90 [Rupert/+1 battleaxe of flaming (12)]
 16577 | D:12     | 16577 ||| READING 4 scrolls of teleportation.
 16578 | D:12     | 16578 ||| DRINKING potion of heal wounds.
 16580 | D:12     | Killed Rupert
 16581 | D:12     | Reached skill level 12 in Shields
 16647 | D:12     | 16647 ||| INVOKING Heroism.
 16678 | D:12     | 16678 ||| READING scroll of acquirement.
 16678 | D:12     | 16678 ||| ACQUIRING amulet of faith
 16678 | D:12     | Acquired an amulet of faith
 16680 | D:12     | 16680 ||| UPGRADING to amulet of faith.
 16704 | D:12     | Found a runed translucent door.
 16704 | D:12     | Noticed qw's ghost (journeyman GrFi)
 16711 | D:12     | Identified the +6 short sword of Res Ipsa Loquitur {flame,
                  | Fly Str+4 Dex-2}
 16735 | D:12     | 16735 ||| INVOKING Heroism.
 16753 | D:12     | Received a gift from Okawaru
 16847 | D:12     | 16847 ||| INVOKING Heroism.
 16906 | D:12     | Received a gift from Okawaru
 17195 | D:12     | Found Qir Xoap's Antique Weapon Emporium.
 17198 | D:12     | Found Qypp's Book Emporium.
 17204 | D:12     | Found Maos's Distillery.
 17204 | D:12     | Found Hacek's General Store.
 17265 | D:12     | 17265 ||| BUYING +5 ring of evasion (540 gold).
 17265 | D:12     | Bought a +5 ring of evasion for 540 gold pieces
 17265 | D:12     | 17265 ||| BUYING potion of might (60 gold).
 17265 | D:12     | Bought a potion of might for 60 gold pieces
 17265 | D:12     | 17265 ||| SHOPLISTING potion of resistance (150 gold, have
                  | 129).
 17265 | D:12     | 17265 ||| SHOPLISTING scroll of acquirement (780 gold, have
                  | 129).
 17270 | D:12     | 17270 ||| BUYING potion of attraction (42 gold).
 17270 | D:12     | Bought a potion of attraction for 42 gold pieces
 17270 | D:12     | 17270 ||| BUYING potion of curing (42 gold).
 17270 | D:12     | Bought a potion of curing for 42 gold pieces
 17270 | D:12     | 17270 ||| BUYING potion of curing (42 gold).
 17270 | D:12     | Bought a potion of curing for 42 gold pieces
 17270 | D:12     | 17270 ||| SHOPLISTING potion of curing (42 gold, have 3).
 17270 | D:12     | 17270 ||| SHOPLISTING potion of heal wounds (70 gold, have
                  | 3).
 17270 | D:12     | 17270 ||| SHOPLISTING potion of lignification (42 gold,
                  | have 3).
 17270 | D:12     | 17270 ||| SHOPLISTING potion of magic (112 gold, have 3).
 17432 | D:12     | 17432 ||| INVOKING Heroism.
 17560 | D:12     | 17560 ||| Stepping ~*~*~tactically~*~*~ (hiding).
 17601 | D:12     | 17601 ||| Stepping ~*~*~tactically~*~*~ (stealth).
 17607 | D:12     | 17607 ||| Stepping ~*~*~tactically~*~*~ (stealth).
 17621 | D:12     | 17621 ||| Stepping ~*~*~tactically~*~*~ (stealth).
 17624 | D:12     | Identified the ring "Rydghiuwa" {rPois rF+ Will+ Slay+2}
 17625 | D:12     | 17625 ||| Stepping ~*~*~tactically~*~*~ (stealth).
 17631 | D:12     | 17631 ||| INVOKING Heroism.
 17642 | D:12     | Reached skill level 15 in Axes
 17685 | D:12     | 17685 ||| Stepping ~*~*~tactically~*~*~ (stealth).
 17692 | D:12     | 17692 ||| Stepping ~*~*~tactically~*~*~ (stealth).
 17702 | D:12     | 17702 ||| Stepping ~*~*~tactically~*~*~ (stealth).
 17752 | D:12     | 17752 ||| INVOKING Heroism.
 17768 | D:12     | Received a gift from Okawaru
 17872 | D:12     | Identified the ring of Leishram {rF+ rN+ Str+2}
 18027 | D:12     | 18027 ||| UPGRADING to +1 pair of boots of rampaging.
 18037 | D:12     | 18037 ||| DROPPING +0 pair of boots.
 18038 | D:12     | 18038 ||| UPGRADING to ring "Rydghiuwa" {rPois rF+ Will+
                  | Slay+2}.
 18040 | D:12     | 18040 ||| DROPPING ring of protection from fire.
 18041 | D:12     | 18041 ||| DROPPING ring of protection from fire.
 18042 | D:12     | 18042 ||| UPGRADING to +5 ring of evasion.
 18044 | D:12     | 18044 ||| DROPPING +6 ring of strength.
 18070 | D:13     | 18070 ||| INVOKING Heroism.
 18071 | D:13     | 18071 ||| INVOKING Finesse.
 18162 | D:13     | 18162 ||| FLEEEEING.
 18163 | D:13     | 18163 ||| FLEEEEING.
 18164 | D:13     | 18164 ||| FLEEEEING.
 18165 | D:13     | 18165 ||| FLEEEEING.
 18166 | D:13     | 18166 ||| FLEEEEING.
 18167 | D:13     | 18167 ||| FLEEEEING.
 18168 | D:13     | 18168 ||| FLEEEEING.
 18169 | D:13     | 18169 ||| FLEEEEING.
 18170 | D:13     | 18170 ||| FLEEEEING.
 18172 | D:13     | 18172 ||| FLEEEEING.
 18173 | D:13     | 18173 ||| FLEEEEING.
 18174 | D:13     | 18174 ||| FLEEEEING.
 18175 | D:13     | 18175 ||| FLEEEEING.
 18176 | D:13     | 18176 ||| FLEEEEING.
 18177 | D:13     | 18177 ||| FLEEEEING.
 18178 | D:13     | 18178 ||| FLEEEEING.
 18179 | D:13     | 18179 ||| FLEEEEING.
 18180 | D:13     | 18180 ||| FLEEEEING.
 18181 | D:13     | 18181 ||| FLEEEEING.
 18182 | D:13     | 18182 ||| FLEEEEING.
 18183 | D:13     | 18183 ||| FLEEEEING.
 18184 | D:13     | 18184 ||| FLEEEEING.
 18190 | D:13     | 18190 ||| FLEEEEING.
 18191 | D:13     | 18191 ||| FLEEEEING.
 18197 | D:13     | 18197 ||| INVOKING Heroism.
 18314 | D:13     | 18314 ||| DROPPING +0 morningstar.
 18457 | D:13     | 18457 ||| Stepping ~*~*~tactically~*~*~ (stealth).
 18635 | D:13     | 18635 ||| Stepping randomly (disturbance).
 18797 | D:13     | 18797 ||| Stepping ~*~*~tactically~*~*~ (hiding).
 19007 | D:13     | 19007 ||| Stepping ~*~*~tactically~*~*~ (stealth).
 19155 | D:13     | Found a runed translucent gate.
 19155 | D:13     | Found a runed translucent gate.
 19155 | D:13     | Noticed an azure jelly
 19155 | D:13     | Noticed an azure jelly
 19156 | D:13     | Found a runed translucent gate.
 19156 | D:13     | Noticed an azure jelly
 19156 | D:13     | Noticed an acid blob
 19156 | D:13     | Noticed an azure jelly
 19156 | D:13     | Noticed an acid blob
 19156 | D:13     | Noticed an azure jelly
 19156 | D:13     | Noticed qw's ghost (journeyman NaHu)
 19156 | D:13     | Noticed an azure jelly
 19156 | D:13     | Noticed an azure jelly
 19157 | D:13     | Noticed an acid blob
 19157 | D:13     | Noticed an azure jelly
 19158 | D:13     | Noticed an azure jelly
 19182 | D:13     | Reached skill level 6 in Throwing
 19420 | D:13     | Found a viscous altar of Jiyva.
 19865 | D:14     | 19865 ||| INVOKING Heroism.
 19964 | D:14     | Reached XP level 15. HP: 91/94 MP: 22/22
 20008 | D:14     | 20008 ||| Stepping ~*~*~tactically~*~*~ (stealth).
 20022 | D:14     | Received a gift from Okawaru
 20036 | D:14     | 20036 ||| INVOKING Heroism.
 20042 | D:14     | Reached skill level 12 in Fighting
 20055 | D:14     | 20055 ||| INVOKING Heroism.
 20214 | D:14     | 20214 ||| READING scroll of enchant armour.
 20214 | D:14     | 20214 ||| ENCHANTING +1 helmet.
 20229 | D:14     | Found a gate to the Vaults.
 20254 | D:14     | 20254 ||| Stepping ~*~*~tactically~*~*~ (hiding).
 20388 | D:14     | 20388 ||| Stepping ~*~*~tactically~*~*~ (hiding).
 20389 | D:14     | 20389 ||| Stepping ~*~*~tactically~*~*~ (hiding).
 20399 | D:14     | 20399 ||| INVOKING Heroism.
 20430 | D:14     | Identified the +0 chain mail "Akahe" {rC+ SInv Stlth+}
                  | (Okawaru gifted it to you on level 14 of the Dungeon)
 20430 | D:14     | Received a gift from Okawaru
 20522 | D:14     | 20522 ||| Stepping ~*~*~tactically~*~*~ (stealth).
 20558 | D:14     | Identified the +7 orcbow of Delightful Duty {drain, rF-
                  | rN+++ Int-5 Dex+5}
 20597 | D:14     | 20597 ||| Stepping ~*~*~tactically~*~*~ (stealth).
 20599 | D:14     | 20599 ||| Stepping ~*~*~tactically~*~*~ (stealth).
 21202 | D:14     | 21202 ||| UPGRADING to +0 chain mail "Akahe" {rC+ SInv
                  | Stlth+}.
 21249 | D:15     | Entered Level 15 of the Dungeon
 21252 | D:15     | 21252 ||| INVOKING Heroism.
 21259 | D:15     | HP: 14/96 [meliai/divine providence (16)]
 21260 | D:15     | 21260 ||| READING 4 scrolls of teleportation.
 21260 | D:15     | HP: 5/96 [meliai/divine providence (10)]
 21261 | D:15     | 21261 ||| DRINKING potion of heal wounds.
 21265 | D:15     | 21265 ||| FLEEEEING.
 21266 | D:15     | 21266 ||| READING 3 scrolls of teleportation.
 21273 | D:15     | 21273 ||| Stepping ~*~*~tactically~*~*~ (stealth).
 21275 | D:15     | 21275 ||| Stepping ~*~*~tactically~*~*~ (stealth).
 21284 | D:15     | 21284 ||| READING 2 scrolls of teleportation.
 21287 | D:15     | Reached skill level 3 in Dodging
 21287 | D:15     | HP: 18/96 [green ugly thing (6)]
 21595 | D:15     | Found a burning altar of Makhleb.
 21691 | D:15     | 21691 ||| INVOKING Heroism.
 22114 | D:15     | 22114 ||| Stepping ~*~*~tactically~*~*~ (hiding).
 22164 | D:15     | 22164 ||| Stepping ~*~*~tactically~*~*~ (hiding).
 22167 | D:15     | 22167 ||| Stepping ~*~*~tactically~*~*~ (hiding).
 22350 | D:15     | Found a staircase to the Depths.
 22351 | D:15     | 22351 ||| INVOKING Heroism.
 22545 | D:15     | 22545 ||| PLANNING ORC
 22669 | Orc:1    | Entered Level 1 of the Orcish Mines
 22670 | Orc:1    | Noticed Fannar
 22691 | Orc:1    | Killed Fannar
 22747 | Orc:1    | 22747 ||| Stepping ~*~*~tactically~*~*~ (hiding).
 22748 | Orc:1    | 22748 ||| Stepping ~*~*~tactically~*~*~ (hiding).
 22750 | Orc:1    | 22750 ||| Stepping ~*~*~tactically~*~*~ (hiding).
 22751 | Orc:1    | 22751 ||| Stepping ~*~*~tactically~*~*~ (hiding).
 22753 | Orc:1    | 22753 ||| Stepping ~*~*~tactically~*~*~ (stealth).
 22754 | Orc:1    | 22754 ||| Stepping ~*~*~tactically~*~*~ (stealth).
 22762 | Orc:1    | 22762 ||| Stepping ~*~*~tactically~*~*~ (stealth).
 22768 | Orc:1    | 22768 ||| Stepping ~*~*~tactically~*~*~ (hiding).
 22779 | Orc:1    | 22779 ||| Stepping ~*~*~tactically~*~*~ (stealth).
 22781 | Orc:1    | 22781 ||| Stepping ~*~*~tactically~*~*~ (stealth).
 22782 | Orc:1    | 22782 ||| INVOKING Heroism.
 22810 | Orc:1    | 22810 ||| Stepping ~*~*~tactically~*~*~ (hiding).
 22812 | Orc:1    | 22812 ||| Stepping ~*~*~tactically~*~*~ (hiding).
 22865 | Orc:1    | Found Couph's Armour Shoppe.
 22870 | Orc:1    | 22870 ||| Stepping ~*~*~tactically~*~*~ (stealth).
 22872 | Orc:1    | 22872 ||| Stepping ~*~*~tactically~*~*~ (hiding).
 22873 | Orc:1    | 22873 ||| Stepping ~*~*~tactically~*~*~ (hiding).
 22874 | Orc:1    | 22874 ||| Stepping ~*~*~tactically~*~*~ (hiding).
 22875 | Orc:1    | 22875 ||| Stepping ~*~*~tactically~*~*~ (hiding).
 22885 | Orc:1    | 22885 ||| Stepping ~*~*~tactically~*~*~ (hiding).
 22886 | Orc:1    | 22886 ||| INVOKING Heroism.
 22888 | Orc:1    | 22888 ||| Stepping ~*~*~tactically~*~*~ (hiding).
 22889 | Orc:1    | 22889 ||| Stepping ~*~*~tactically~*~*~ (hiding).
 22944 | Orc:1    | 22944 ||| BUYING +0 pair of gloves (67 gold).
 22944 | Orc:1    | Bought a +0 pair of gloves for 67 gold pieces
 22944 | Orc:1    | 22944 ||| SHOPLISTING +2 plate armour of poison resistance
                  | (555 gold, have 437).
 22969 | Orc:1    | 22969 ||| FLEEEEING.
 22970 | Orc:1    | 22970 ||| FLEEEEING.
 23027 | Orc:1    | 23027 ||| Stepping ~*~*~tactically~*~*~ (stealth).
 23028 | Orc:1    | 23028 ||| Stepping ~*~*~tactically~*~*~ (stealth).
 23030 | Orc:1    | 23030 ||| Stepping ~*~*~tactically~*~*~ (stealth).
 23033 | Orc:1    | 23033 ||| Stepping ~*~*~tactically~*~*~ (hiding).
 23034 | Orc:1    | 23034 ||| INVOKING Heroism.
 23250 | Orc:1    | 23250 ||| UPGRADING to +0 pair of gloves.
 23270 | Orc:2    | Entered Level 2 of the Orcish Mines
 23344 | Orc:1    | 23344 ||| INVOKING Heroism.
 23418 | Orc:1    | 23418 ||| Stepping ~*~*~tactically~*~*~ (stealth).
 23420 | Orc:1    | 23420 ||| Stepping ~*~*~tactically~*~*~ (hiding).
 23423 | Orc:1    | 23423 ||| Stepping ~*~*~tactically~*~*~ (hiding).
 23558 | Orc:2    | 23558 ||| Stepping ~*~*~tactically~*~*~ (hiding).
 23678 | Orc:2    | 23678 ||| Stepping ~*~*~tactically~*~*~ (hiding).
 23688 | Orc:2    | 23688 ||| Stepping ~*~*~tactically~*~*~ (hiding).
 23691 | Orc:2    | 23691 ||| Stepping ~*~*~tactically~*~*~ (stealth).
 23702 | Orc:2    | 23702 ||| Stepping ~*~*~tactically~*~*~ (hiding).
 23719 | Orc:2    | 23719 ||| Stepping ~*~*~tactically~*~*~ (stealth).
 23720 | Orc:2    | 23720 ||| Stepping ~*~*~tactically~*~*~ (stealth).
 23773 | Orc:2    | 23773 ||| INVOKING Heroism.
 23793 | Orc:2    | Reached XP level 16. HP: 91/101 MP: 23/23
 23837 | Orc:2    | Found a staircase to the Elven Halls.
 23840 | Orc:2    | Noticed Azrael
 23841 | Orc:2    | 23841 ||| INVOKING Heroism.
 23842 | Orc:2    | 23842 ||| INVOKING Finesse.
 23866 | Orc:2    | Killed Azrael
 23867 | Orc:2    | Received a gift from Okawaru
 23915 | Orc:2    | 23915 ||| DROPPING +3 morningstar.
 23941 | Orc:2    | 23941 ||| Stepping ~*~*~tactically~*~*~ (stealth).
 23943 | Orc:2    | 23943 ||| INVOKING Heroism.
 23971 | Orc:2    | Found Noogreph's Antique Weapon Shoppe.
 24022 | Orc:2    | Found an ancient bone altar of Kikubaaqudgha.
 24022 | Orc:2    | Noticed Nergalle
 24023 | Orc:2    | 24023 ||| INVOKING Heroism.
 24040 | Orc:2    | Killed Nergalle
 24077 | Orc:2    | Found Ituet's Antique Armour Emporium.
 24080 | Orc:2    | 24080 ||| Stepping ~*~*~tactically~*~*~ (stealth).
 24085 | Orc:2    | 24085 ||| Stepping ~*~*~tactically~*~*~ (hiding).
 24086 | Orc:2    | 24086 ||| Stepping ~*~*~tactically~*~*~ (hiding).
 24087 | Orc:2    | 24087 ||| Stepping ~*~*~tactically~*~*~ (hiding).
 24088 | Orc:2    | 24088 ||| Stepping ~*~*~tactically~*~*~ (hiding).
 24090 | Orc:2    | 24090 ||| INVOKING Heroism.
 24120 | Orc:2    | Found a radiant altar of Vehumet.
 24142 | Orc:2    | 24142 ||| INVOKING Heroism.
 24149 | Orc:2    | Paralysed by an orc sorcerer for 4 turns
 24162 | Orc:2    | 24162 ||| INVOKING Heroism.
 24184 | Orc:2    | Found Haykhlap's Distillery.
 24192 | Orc:2    | 24192 ||| BUYING 2 potions of resistance (300 gold).
 24192 | Orc:2    | Bought 2 potions of resistance for 300 gold pieces
 24192 | Orc:2    | 24192 ||| BUYING potion of attraction (45 gold).
 24192 | Orc:2    | Bought a potion of attraction for 45 gold pieces
 24192 | Orc:2    | 24192 ||| BUYING potion of attraction (45 gold).
 24192 | Orc:2    | Bought a potion of attraction for 45 gold pieces
 24192 | Orc:2    | 24192 ||| BUYING potion of curing (45 gold).
 24192 | Orc:2    | Bought a potion of curing for 45 gold pieces
 24192 | Orc:2    | 24192 ||| BUYING potion of lignification (45 gold).
 24192 | Orc:2    | Bought a potion of lignification for 45 gold pieces
 24192 | Orc:2    | 24192 ||| BUYING potion of lignification (45 gold).
 24192 | Orc:2    | Bought a potion of lignification for 45 gold pieces
 24218 | Orc:2    | Reached skill level 13 in Fighting
 24229 | Orc:2    | Found Ucyitwun's Jewellery Emporium.
 24238 | Orc:2    | 24238 ||| BUYING ring of protection from cold (450 gold).
 24238 | Orc:2    | Bought a ring of protection from cold for 450 gold pieces
 24598 | Orc:2    | 24598 ||| PLANNING SNAKE:1-3
 24598 | Orc:2    | 24598 ||| DROPPING ring of ice.
 24737 | Snake:1  | Entered Level 1 of the Snake Pit
 24738 | Snake:1  | 24738 ||| PLANNING BAZAAR
 24749 | Snake:1  | 24749 ||| Stepping ~*~*~tactically~*~*~ (stealth).
 24751 | Snake:1  | 24751 ||| Stepping ~*~*~tactically~*~*~ (hiding).
 24757 | Snake:1  | 24757 ||| INVOKING Heroism.
 24768 | Snake:1  | 24768 ||| Stepping ~*~*~tactically~*~*~ (hiding).
 24772 | Snake:1  | 24772 ||| Stepping ~*~*~tactically~*~*~ (hiding).
 24849 | Snake:1  | 24849 ||| INVOKING Heroism.
 25043 | Snake:1  | 25043 ||| Stepping ~*~*~tactically~*~*~ (stealth).
 25464 | Snake:1  | 25464 ||| Stepping ~*~*~tactically~*~*~ (stealth).
 25469 | Snake:1  | 25469 ||| INVOKING Heroism.
 25651 | Snake:1  | 25651 ||| Stepping ~*~*~tactically~*~*~ (hiding).
 25652 | Snake:1  | 25652 ||| Stepping ~*~*~tactically~*~*~ (hiding).
 25761 | Snake:1  | 25761 ||| Stepping ~*~*~tactically~*~*~ (hiding).
 25764 | Snake:1  | 25764 ||| Stepping ~*~*~tactically~*~*~ (hiding).
 25880 | Snake:1  | 25880 ||| Stepping ~*~*~tactically~*~*~ (stealth).
 25920 | Snake:1  | Received a gift from Okawaru
 26055 | Snake:1  | Reached skill level 18 in Axes
 26183 | Snake:1  | 26183 ||| RIP BAZAAR
 26189 | Snake:1  | 26189 ||| PLANNING SNAKE:1-3
 26677 | Snake:2  | 26677 ||| INVOKING Heroism.
 26824 | Snake:2  | 26824 ||| INVOKING Heroism.
 27063 | Snake:2  | Received a gift from Okawaru
 27169 | Snake:2  | 27169 ||| Stepping ~*~*~tactically~*~*~ (hiding).
 27390 | Snake:2  | 27390 ||| INVOKING Heroism.
 27409 | Snake:2  | 27409 ||| Stepping ~*~*~tactically~*~*~ (hiding).
 27423 | Snake:2  | 27423 ||| Stepping ~*~*~tactically~*~*~ (stealth).
 27458 | Snake:2  | Reached skill level 14 in Fighting
 27535 | Snake:2  | Found a transporter.
 27540 | Snake:2  | Found a transporter.
 27548 | Snake:2  | 27548 ||| Stepping ~*~*~tactically~*~*~ (hiding).
 27549 | Snake:2  | 27549 ||| INVOKING Heroism.
 27643 | Snake:2  | 27643 ||| INVOKING Heroism.
 27845 | Snake:2  | Found a transporter.
 27856 | Snake:2  | Found a transporter.
 27860 | Snake:2  | Identified the +1 robe of the Mind {Harm *Slow rC+ Int+2}
 27915 | Snake:2  | 27915 ||| Stepping ~*~*~tactically~*~*~ (hiding).
 27987 | Snake:2  | 27987 ||| READING scroll of enchant weapon.
 27987 | Snake:2  | 27987 ||| ENCHANTING +0 broad axe.
 28009 | Snake:2  | 28009 ||| INVOKING Heroism.
 28155 | Snake:2  | 28155 ||| READING scroll of enchant armour.
 28155 | Snake:2  | 28155 ||| ENCHANTING +0 pair of gloves.
 28164 | Snake:2  | 28164 ||| READING scroll of enchant armour.
 28164 | Snake:2  | 28164 ||| ENCHANTING +1 pair of gloves.
 28188 | Snake:2  | 28188 ||| Stepping ~*~*~tactically~*~*~ (hiding).
 28206 | Snake:2  | Reached XP level 17. HP: 98/111 MP: 24/24
 28206 | Snake:2  | Found a transporter.
 28215 | Snake:2  | 28215 ||| Stepping ~*~*~tactically~*~*~ (hiding).
 28240 | Snake:2  | Found a transporter.
 28265 | Snake:2  | Reached skill level 12 in Armour
 28267 | Snake:2  | 28267 ||| FLEEEEING.
 28277 | Snake:2  | 28277 ||| STAIRDANCE
 28402 | Snake:2  | 28402 ||| INVOKING Heroism.
 28544 | Snake:2  | 28544 ||| Stepping ~*~*~tactically~*~*~ (hiding).
 28545 | Snake:2  | 28545 ||| Stepping ~*~*~tactically~*~*~ (hiding).
 28595 | Snake:2  | Found an ornate altar of the Wu Jian Council.
 28767 | Snake:2  | 28767 ||| Stepping ~*~*~tactically~*~*~ (hiding).
 28768 | Snake:2  | 28768 ||| Stepping ~*~*~tactically~*~*~ (hiding).
 28769 | Snake:2  | 28769 ||| Stepping ~*~*~tactically~*~*~ (hiding).
 28869 | Snake:2  | 28869 ||| UPGRADING to +2 pair of boots.
 28879 | Snake:2  | 28879 ||| DROPPING +1 pair of boots of rampaging.
 29022 | Snake:3  | Received a gift from Okawaru
 29053 | Snake:3  | 29053 ||| INVOKING Heroism.
 29239 | Snake:3  | Noticed Bai Suzhen
 29240 | Snake:3  | 29240 ||| INVOKING Heroism.
 29243 | Snake:3  | Reached skill level 15 in Fighting
 29245 | Snake:3  | 29245 ||| Stepping ~*~*~tactically~*~*~ (hiding).
 29246 | Snake:3  | 29246 ||| Stepping ~*~*~tactically~*~*~ (hiding).
 29248 | Snake:3  | 29248 ||| INVOKING Finesse.
 29252 | Snake:3  | 29252 ||| SWAPPING to +2 war axe of flaming.
 29260 | Snake:3  | 29260 ||| SWAPPING to +1 broad axe.
 29273 | Snake:3  | Killed Bai Suzhen
 29409 | Snake:3  | 29409 ||| Stepping ~*~*~tactically~*~*~ (hiding).
 29568 | Snake:3  | 29568 ||| Stepping ~*~*~tactically~*~*~ (hiding).
 29811 | Snake:3  | 29811 ||| Stepping ~*~*~tactically~*~*~ (hiding).
 29813 | Snake:3  | 29813 ||| INVOKING Heroism.
 29816 | Snake:3  | 29816 ||| Stepping ~*~*~tactically~*~*~ (hiding).
 29826 | Snake:3  | 29826 ||| Stepping ~*~*~tactically~*~*~ (hiding).
 29842 | Snake:3  | 29842 ||| Stepping ~*~*~tactically~*~*~ (hiding).
 29851 | Snake:3  | 29851 ||| Stepping ~*~*~tactically~*~*~ (hiding).
 29853 | Snake:3  | 29853 ||| Stepping ~*~*~tactically~*~*~ (hiding).
 29951 | Snake:3  | 29951 ||| Stepping ~*~*~tactically~*~*~ (hiding).
 29953 | Snake:3  | 29953 ||| INVOKING Heroism.
 30651 | Snake:3  | 30651 ||| PLANNING SWAMP:1-3
 30651 | Snake:3  | 30651 ||| DROPPING +1 plate armour.
 30781 | Swamp:1  | Entered Level 1 of the Swamp
 30782 | Swamp:1  | 30782 ||| INVOKING Heroism.
 30876 | Swamp:1  | 30876 ||| FLEEEEING.
 30880 | Swamp:1  | 30880 ||| Stepping ~*~*~tactically~*~*~ (stealth).
 30881 | Swamp:1  | 30881 ||| Stepping ~*~*~tactically~*~*~ (stealth).
 30882 | Swamp:1  | 30882 ||| Stepping ~*~*~tactically~*~*~ (stealth).
 30883 | Swamp:1  | 30883 ||| Stepping ~*~*~tactically~*~*~ (stealth).
 30914 | Swamp:1  | 30914 ||| Stepping ~*~*~tactically~*~*~ (stealth).
 30922 | Swamp:1  | 30922 ||| INVOKING Heroism.
 30951 | Swamp:1  | 30951 ||| Stepping ~*~*~tactically~*~*~ (hiding).
 30952 | Swamp:1  | 30952 ||| Stepping ~*~*~tactically~*~*~ (hiding).
 30971 | Swamp:1  | 30971 ||| INVOKING Heroism.
 30993 | Swamp:1  | 30993 ||| Stepping ~*~*~tactically~*~*~ (hiding).
 31050 | Swamp:1  | 31050 ||| INVOKING Heroism.
 31060 | Swamp:1  | 31060 ||| SWAPPING to +2 war axe of flaming.
 31067 | Swamp:1  | Received a gift from Okawaru
 31068 | Swamp:1  | 31068 ||| SWAPPING to +1 broad axe.
 31087 | Swamp:1  | 31087 ||| INVOKING Heroism.
 31310 | Swamp:1  | 31310 ||| Stepping ~*~*~tactically~*~*~ (stealth).
 31311 | Swamp:1  | 31311 ||| Stepping ~*~*~tactically~*~*~ (stealth).
 31312 | Swamp:1  | 31312 ||| Stepping ~*~*~tactically~*~*~ (stealth).
 31343 | Swamp:1  | 31343 ||| INVOKING Heroism.
 31344 | Swamp:1  | 31344 ||| INVOKING Finesse.
 31350 | Swamp:1  | Found a frozen archway.
 31434 | Swamp:1  | 31434 ||| INVOKING Heroism.
 31714 | Swamp:2  | Reached skill level 15 in Shields
 31776 | Swamp:2  | 31776 ||| INVOKING Heroism.
 31779 | Swamp:2  | 31779 ||| SWAPPING to +2 war axe of flaming.
 31786 | Swamp:2  | 31786 ||| SWAPPING to +1 broad axe.
 31824 | Swamp:2  | 31824 ||| Stepping ~*~*~tactically~*~*~ (hiding).
 31843 | Swamp:2  | 31843 ||| Stepping ~*~*~tactically~*~*~ (hiding).
 31858 | Swamp:2  | You are sucked into a shaft and drop 1 floor!
 31859 | Swamp:3  | 31859 ||| INVOKING Heroism.
 31870 | Swamp:3  | Identified the +3 spear of Superiority {heavy, rC+}
                  | (Okawaru gifted it to you on level 3 of the Swamp)
 31870 | Swamp:3  | Received a gift from Okawaru
 31935 | Swamp:3  | 31935 ||| INVOKING Heroism.
 32019 | Swamp:3  | 32019 ||| Stepping ~*~*~tactically~*~*~ (stealth).
 32031 | Swamp:3  | 32031 ||| INVOKING Heroism.
 32186 | Swamp:3  | 32186 ||| DROPPING ring of fire.
 32209 | Swamp:2  | 32209 ||| INVOKING Heroism.
 32215 | Swamp:2  | 32215 ||| Stepping ~*~*~tactically~*~*~ (cloud).
 32320 | Swamp:2  | Reached XP level 18. HP: 108/120 MP: 25/25
 32320 | Swamp:2  | 32320 ||| FLEEEEING.
 32321 | Swamp:2  | 32321 ||| STAIRDANCE
 32371 | Swamp:1  | 32371 ||| DROPPING +2 war axe of flaming.
 32464 | Swamp:2  | 32464 ||| Stepping ~*~*~tactically~*~*~ (hiding).
 32563 | Swamp:2  | Reached skill level 16 in Fighting
 32838 | Swamp:3  | 32838 ||| INVOKING Heroism.
 32852 | Swamp:3  | Identified the +3 leather armour of the Valley {rPois Str-4
                  | Stlth+}
 32911 | Swamp:3  | 32911 ||| Stepping ~*~*~tactically~*~*~ (stealth).
 32913 | Swamp:3  | 32913 ||| Stepping ~*~*~tactically~*~*~ (hiding).
 32926 | Swamp:3  | 32926 ||| Stepping ~*~*~tactically~*~*~ (hiding).
 33041 | Swamp:3  | 33041 ||| INVOKING Heroism.
 33066 | Swamp:3  | 33066 ||| INVOKING Heroism.
 33236 | Swamp:3  | 33236 ||| Stepping ~*~*~tactically~*~*~ (hiding).
 33239 | Swamp:3  | 33239 ||| Stepping ~*~*~tactically~*~*~ (hiding).
 33378 | Swamp:3  | 33378 ||| INVOKING Heroism.
 33407 | Swamp:3  | 33407 ||| INVOKING Heroism.
 33429 | Swamp:3  | Received a gift from Okawaru
 33444 | Swamp:3  | HP: 19/120 [eleionoma/spray of wooden splinters (17)]
 33445 | Swamp:3  | 33445 ||| READING 4 scrolls of teleportation.
 33446 | Swamp:3  | 33446 ||| DRINKING 2 potions of heal wounds.
 33463 | Swamp:3  | 33463 ||| FLEEEEING.
 33464 | Swamp:3  | 33464 ||| FLEEEEING.
 33465 | Swamp:3  | 33465 ||| FLEEEEING.
 33466 | Swamp:3  | 33466 ||| FLEEEEING.
 33467 | Swamp:3  | 33467 ||| FLEEEEING.
 33469 | Swamp:3  | 33469 ||| FLEEEEING.
 33471 | Swamp:3  | 33471 ||| FLEEEEING.
 33472 | Swamp:3  | 33472 ||| FLEEEEING.
 33473 | Swamp:3  | 33473 ||| FLEEEEING.
 33474 | Swamp:3  | 33474 ||| FLEEEEING.
 33475 | Swamp:3  | 33475 ||| FLEEEEING.
 33494 | Swamp:3  | 33494 ||| Stepping ~*~*~tactically~*~*~ (hiding).
 33495 | Swamp:3  | 33495 ||| INVOKING Heroism.
 33643 | Swamp:3  | 33643 ||| INVOKING Heroism.
 33664 | Swamp:3  | 33664 ||| Stepping ~*~*~tactically~*~*~ (stealth).
 33665 | Swamp:3  | 33665 ||| Stepping ~*~*~tactically~*~*~ (stealth).
 33837 | Swamp:3  | 33837 ||| Stepping ~*~*~tactically~*~*~ (hiding).
 33884 | Swamp:3  | 33884 ||| INVOKING Heroism.
 34024 | Swamp:3  | 34024 ||| PLANNING SNAKE:4
 34157 | Snake:4  | Entered Level 4 of the Snake Pit
 34171 | Snake:4  | Received a gift from Okawaru
 34305 | Snake:4  | 34305 ||| Stepping ~*~*~tactically~*~*~ (hiding).
 34566 | Snake:4  | 34566 ||| INVOKING Heroism.
 34671 | Snake:4  | 34671 ||| INVOKING Heroism.
 34716 | Snake:4  | 34716 ||| Stepping ~*~*~tactically~*~*~ (stealth).
 34726 | Snake:4  | 34726 ||| FLEEEEING.
 34811 | Snake:4  | 34811 ||| Stepping ~*~*~tactically~*~*~ (stealth).
 34818 | Snake:4  | 34818 ||| INVOKING Heroism.
 34913 | Snake:4  | 34913 ||| INVOKING Heroism.
 34955 | Snake:4  | 34955 ||| Stepping ~*~*~tactically~*~*~ (hiding).
 34956 | Snake:4  | 34956 ||| Stepping ~*~*~tactically~*~*~ (hiding).
 34962 | Snake:4  | Received a gift from Okawaru
 35069 | Snake:4  | 35069 ||| INVOKING Heroism.
 35115 | Snake:4  | 35115 ||| Stepping ~*~*~tactically~*~*~ (hiding).
 35116 | Snake:4  | 35116 ||| Stepping ~*~*~tactically~*~*~ (hiding).
 35117 | Snake:4  | 35117 ||| Stepping ~*~*~tactically~*~*~ (hiding).
 35119 | Snake:4  | 35119 ||| Stepping ~*~*~tactically~*~*~ (hiding).
 35122 | Snake:4  | 35122 ||| INVOKING Heroism.
 35137 | Snake:4  | 35137 ||| Stepping ~*~*~tactically~*~*~ (hiding).
 35184 | Snake:4  | 35184 ||| Stepping ~*~*~tactically~*~*~ (stealth).
 35241 | Snake:4  | 35241 ||| INVOKING Heroism.
 35254 | Snake:4  | Received a gift from Okawaru
 35255 | Snake:4  | Reached skill level 9 in Throwing
 35268 | Snake:4  | 35268 ||| Stepping ~*~*~tactically~*~*~ (hiding).
 35270 | Snake:4  | 35270 ||| Stepping ~*~*~tactically~*~*~ (hiding).
 35274 | Snake:4  | 35274 ||| Stepping ~*~*~tactically~*~*~ (hiding).
 35278 | Snake:4  | 35278 ||| INVOKING Heroism.
 35334 | Snake:4  | 35334 ||| Stepping ~*~*~tactically~*~*~ (stealth).
 35428 | Snake:4  | 35428 ||| INVOKING Heroism.
 35502 | Snake:4  | 35502 ||| Stepping ~*~*~tactically~*~*~ (hiding).
 35506 | Snake:4  | 35506 ||| Stepping ~*~*~tactically~*~*~ (hiding).
 35507 | Snake:4  | 35507 ||| Stepping ~*~*~tactically~*~*~ (hiding).
 35512 | Snake:4  | 35512 ||| INVOKING Heroism.
 35654 | Snake:4  | 35654 ||| Stepping ~*~*~tactically~*~*~ (stealth).
 35659 | Snake:4  | Noticed Mlioglotl
 35660 | Snake:4  | 35660 ||| INVOKING Heroism.
 35683 | Snake:4  | Killed Mlioglotl
 35684 | Snake:4  | Reached skill level 17 in Fighting
 35685 | Snake:4  | HP: 24/123 [black mamba[a naga ritualist] (12)]
 35686 | Snake:4  | 35686 ||| READING 5 scrolls of teleportation.
 35687 | Snake:4  | 35687 ||| DRINKING potion of heal wounds.
 35970 | Snake:4  | Received a gift from Okawaru
 35972 | Snake:4  | 35972 ||| INVOKING Heroism.
 36103 | Snake:4  | 36103 ||| Stepping ~*~*~tactically~*~*~ (stealth).
 36130 | Snake:4  | 36130 ||| Stepping ~*~*~tactically~*~*~ (hiding).
 36137 | Snake:4  | 36137 ||| Stepping ~*~*~tactically~*~*~ (stealth).
 36151 | Snake:4  | 36151 ||| Stepping ~*~*~tactically~*~*~ (hiding).
 36154 | Snake:4  | 36154 ||| Stepping ~*~*~tactically~*~*~ (hiding).
 36155 | Snake:4  | 36155 ||| Stepping ~*~*~tactically~*~*~ (hiding).
 36156 | Snake:4  | 36156 ||| Stepping ~*~*~tactically~*~*~ (hiding).
 36158 | Snake:4  | 36158 ||| Stepping ~*~*~tactically~*~*~ (hiding).
 36254 | Snake:4  | Noticed Louise
 36265 | Abyss:2  | Cast into level 2 of the Abyss (Louise)
 36312 | Abyss:2  | Found a corrupted altar of Lugonu.
 36350 | Abyss:2  | 36350 ||| Stepping ~*~*~tactically~*~*~ (hiding).
 36390 | Abyss:2  | 36390 ||| Stepping ~*~*~tactically~*~*~ (stealth).
 36393 | Abyss:2  | 36393 ||| Stepping ~*~*~tactically~*~*~ (stealth).
 36398 | Abyss:2  | 36398 ||| Stepping ~*~*~tactically~*~*~ (stealth).
 36408 | Abyss:2  | 36408 ||| Stepping ~*~*~tactically~*~*~ (stealth).
 36409 | Abyss:2  | 36409 ||| Stepping ~*~*~tactically~*~*~ (stealth).
 36410 | Abyss:2  | 36410 ||| Stepping ~*~*~tactically~*~*~ (stealth).
 36537 | Abyss:2  | 36537 ||| Stepping ~*~*~tactically~*~*~ (stealth).
 36584 | Abyss:2  | 36584 ||| Stepping ~*~*~tactically~*~*~ (stealth).
 36615 | Abyss:2  | 36615 ||| Stepping ~*~*~tactically~*~*~ (stealth).
 36640 | Abyss:2  | 36640 ||| Stepping ~*~*~tactically~*~*~ (stealth).
 36666 | Abyss:2  | 36666 ||| Stepping ~*~*~tactically~*~*~ (stealth).
 36736 | Abyss:2  | Received a gift from Okawaru
 36769 | Abyss:2  | Noticed a profane servitor
 36770 | Abyss:2  | 36770 ||| Stepping ~*~*~tactically~*~*~ (stealth).
 36788 | Abyss:2  | 36788 ||| Stepping ~*~*~tactically~*~*~ (stealth).
 36792 | Abyss:2  | 36792 ||| Stepping ~*~*~tactically~*~*~ (stealth).
 36797 | Abyss:2  | 36797 ||| Stepping ~*~*~tactically~*~*~ (hiding).
 36811 | Abyss:2  | 36811 ||| INVOKING Heroism.
 36833 | Abyss:2  | 36833 ||| Stepping ~*~*~tactically~*~*~ (hiding).
 36835 | Abyss:2  | 36835 ||| Stepping ~*~*~tactically~*~*~ (hiding).
 36837 | Abyss:2  | Found a corrupted altar of Lugonu.
 36842 | Abyss:2  | Received a gift from Okawaru
 36852 | Abyss:2  | 36852 ||| Stepping ~*~*~tactically~*~*~ (stealth).
 36859 | Abyss:2  | 36859 ||| Stepping ~*~*~tactically~*~*~ (stealth).
 36860 | Abyss:2  | 36860 ||| INVOKING Heroism.
 36873 | Abyss:2  | 36873 ||| Stepping ~*~*~tactically~*~*~ (hiding).
 36874 | Abyss:2  | 36874 ||| Stepping ~*~*~tactically~*~*~ (hiding).
 36880 | Abyss:2  | Found a corrupted altar of Lugonu.
 36909 | Abyss:2  | HP: 26/123 [profane servitor/+3 whip of flaming (13)]
 36910 | Abyss:2  | 36910 ||| READING 4 scrolls of teleportation.
 36911 | Abyss:2  | 36911 ||| INVOKING Heroism.
 36914 | Abyss:2  | HP: 23/123 [profane servitor/+3 whip of flaming (5)]
 36919 | Abyss:2  | HP: 16/123 [large abomination (4)]
 36923 | Abyss:2  | Killed a profane servitor
 36949 | Abyss:2  | 36949 ||| READING 3 scrolls of teleportation.
 36950 | Abyss:2  | 36950 ||| INVOKING Heroism.
 37045 | Abyss:2  | 37045 ||| INVOKING Heroism.
 37071 | Abyss:2  | Reached XP level 19. HP: 64/128 MP: 26/26
 37118 | Abyss:2  | 37118 ||| Stepping ~*~*~tactically~*~*~ (stealth).
 37134 | Abyss:2  | 37134 ||| Stepping ~*~*~tactically~*~*~ (stealth).
 37135 | Abyss:2  | 37135 ||| INVOKING Heroism.
 37181 | Abyss:2  | 37181 ||| Stepping ~*~*~tactically~*~*~ (stealth).
 37183 | Abyss:2  | 37183 ||| Stepping ~*~*~tactically~*~*~ (stealth).
 37189 | Abyss:2  | 37189 ||| Stepping ~*~*~tactically~*~*~ (stealth).
 37190 | Abyss:2  | 37190 ||| INVOKING Heroism.
 37203 | Snake:4  | Escaped the Abyss
 37216 | Snake:4  | Killed Louise
 37398 | Snake:4  | Noticed Aizul
 37399 | Snake:4  | 37399 ||| Stepping ~*~*~tactically~*~*~ (stealth).
 37493 | Snake:4  | 37493 ||| INVOKING Heroism.
 37513 | Snake:4  | Killed Aizul
 37600 | Snake:4  | 37600 ||| INVOKING Heroism.
 37646 | Snake:4  | 37646 ||| FLEEEEING.
 37647 | Snake:4  | 37647 ||| FLEEEEING.
 37648 | Snake:4  | 37648 ||| FLEEEEING.
 37649 | Snake:4  | 37649 ||| FLEEEEING.
 37663 | Snake:4  | 37663 ||| FLEEEEING.
 37679 | Snake:4  | 37679 ||| INVOKING Heroism.
 37753 | Snake:4  | 37753 ||| Stepping ~*~*~tactically~*~*~ (hiding).
 37757 | Snake:4  | 37757 ||| Stepping ~*~*~tactically~*~*~ (hiding).
 37760 | Snake:4  | 37760 ||| Stepping ~*~*~tactically~*~*~ (hiding).
 37764 | Snake:4  | 37764 ||| INVOKING Heroism.
 37771 | Snake:4  | Received a gift from Okawaru
 37791 | Snake:4  | Reached skill level 15 in Armour
 37792 | Snake:4  | HP: 28/128 [naga mage/+0 halberd (15)]
 37793 | Snake:4  | 37793 ||| READING 2 scrolls of teleportation.
 37937 | Snake:4  | 37937 ||| FLEEEEING.
 37967 | Snake:4  | 37967 ||| FLEEEEING.
 38012 | Snake:4  | 38012 ||| FLEEEEING.
 38029 | Snake:4  | 38029 ||| FLEEEEING.
 38132 | Snake:4  | 38132 ||| INVOKING Heroism.
 38160 | Snake:4  | HP: 32/128 [naga sharpshooter/bolt (10)]
 38405 | Snake:4  | Got a serpentine rune of Zot
 38406 | Snake:4  | 38406 ||| UPGRADING to +0 tower shield.
 38416 | Snake:4  | 38416 ||| PLANNING VAULTS:1-4
 38416 | Snake:4  | 38416 ||| DROPPING +0 kite shield of fire resistance.
 38672 | Vaults:1 | Entered Level 1 of the Vaults
 38684 | Vaults:1 | 38684 ||| INVOKING Heroism.
 38777 | Vaults:1 | 38777 ||| Stepping ~*~*~tactically~*~*~ (stealth).
 38822 | Vaults:1 | 38822 ||| Stepping ~*~*~tactically~*~*~ (hiding).
 38823 | Vaults:1 | 38823 ||| Stepping ~*~*~tactically~*~*~ (hiding).
 38838 | Vaults:1 | Received a gift from Okawaru
 38843 | Vaults:1 | 38843 ||| FLEEEEING.
 38844 | Vaults:1 | 38844 ||| FLEEEEING.
 38846 | Vaults:1 | 38846 ||| FLEEEEING.
 38847 | Vaults:1 | 38847 ||| FLEEEEING.
 38848 | Vaults:1 | 38848 ||| FLEEEEING.
 38849 | Vaults:1 | 38849 ||| FLEEEEING.
 38850 | Vaults:1 | 38850 ||| FLEEEEING.
 38851 | Vaults:1 | 38851 ||| FLEEEEING.
 38852 | Vaults:1 | 38852 ||| FLEEEEING.
 38853 | Vaults:1 | 38853 ||| FLEEEEING.
 38854 | Vaults:1 | 38854 ||| FLEEEEING.
 38855 | Vaults:1 | 38855 ||| FLEEEEING.
 38856 | Vaults:1 | 38856 ||| FLEEEEING.
 38857 | Vaults:1 | 38857 ||| FLEEEEING.
 38858 | Vaults:1 | 38858 ||| FLEEEEING.
 38859 | Vaults:1 | 38859 ||| FLEEEEING.
 38860 | Vaults:1 | 38860 ||| FLEEEEING.
 38861 | Vaults:1 | 38861 ||| FLEEEEING.
 38862 | Vaults:1 | 38862 ||| FLEEEEING.
 38863 | Vaults:1 | 38863 ||| FLEEEEING.
 38864 | Vaults:1 | 38864 ||| FLEEEEING.
 38865 | Vaults:1 | 38865 ||| FLEEEEING.
 38866 | Vaults:1 | 38866 ||| FLEEEEING.
 38867 | Vaults:1 | 38867 ||| FLEEEEING.
 38868 | Vaults:1 | 38868 ||| FLEEEEING.
 38869 | Vaults:1 | 38869 ||| FLEEEEING.
 38870 | Vaults:1 | 38870 ||| FLEEEEING.
 38871 | Vaults:1 | 38871 ||| FLEEEEING.
 38872 | Vaults:1 | 38872 ||| FLEEEEING.
 38873 | Vaults:1 | 38873 ||| FLEEEEING.
 38943 | Vaults:1 | 38943 ||| INVOKING Heroism.
 38978 | Vaults:1 | 38978 ||| Stepping ~*~*~tactically~*~*~ (stealth).
 38979 | Vaults:1 | 38979 ||| Stepping ~*~*~tactically~*~*~ (stealth).
 39164 | Vaults:1 | 39164 ||| Stepping ~*~*~tactically~*~*~ (stealth).
 39206 | Vaults:1 | 39206 ||| INVOKING Heroism.
 39440 | Vaults:1 | 39440 ||| Stepping ~*~*~tactically~*~*~ (hiding).
 39441 | Vaults:1 | 39441 ||| Stepping ~*~*~tactically~*~*~ (hiding).
 39449 | Vaults:1 | 39449 ||| INVOKING Heroism.
 39452 | Vaults:1 | Received a gift from Okawaru
 39672 | Vaults:1 | 39672 ||| INVOKING Heroism.
 39790 | Vaults:1 | 39790 ||| Stepping ~*~*~tactically~*~*~ (hiding).
 39840 | Vaults:1 | 39840 ||| INVOKING Heroism.
 40029 | Vaults:1 | 40029 ||| Stepping ~*~*~tactically~*~*~ (stealth).
 40102 | Vaults:1 | 40102 ||| Stepping ~*~*~tactically~*~*~ (hiding).
 40109 | Vaults:1 | Reached skill level 18 in Shields
 40115 | Vaults:1 | Received a gift from Okawaru
 40143 | Vaults:1 | 40143 ||| Stepping ~*~*~tactically~*~*~ (hiding).
 40168 | Vaults:1 | 40168 ||| INVOKING Heroism.
 40449 | Vaults:1 | 40449 ||| FLEEEEING.
 40450 | Vaults:1 | 40450 ||| FLEEEEING.
 40451 | Vaults:1 | 40451 ||| FLEEEEING.
 40453 | Vaults:1 | 40453 ||| FLEEEEING.
 40457 | Vaults:1 | 40457 ||| FLEEEEING.
 40458 | Vaults:1 | 40458 ||| FLEEEEING.
 40463 | Vaults:1 | 40463 ||| FLEEEEING.
 40464 | Vaults:1 | 40464 ||| FLEEEEING.
 40465 | Vaults:1 | 40465 ||| FLEEEEING.
 40466 | Vaults:1 | 40466 ||| FLEEEEING.
 40482 | Vaults:1 | 40482 ||| FLEEEEING.
 40483 | Vaults:1 | 40483 ||| FLEEEEING.
 40484 | Vaults:1 | 40484 ||| INVOKING Heroism.
 40499 | Vaults:1 | Received a gift from Okawaru
 40525 | Vaults:1 | HP: 14/128 [vault warden/+0 war axe (25)]
 40526 | Vaults:1 | 40526 ||| READING scroll of teleportation.
 40863 | Vaults:1 | Found Vuonihesch's Weapon Shop.
 40875 | Vaults:1 | Identified the +0 helmet of the Tundras {rPois Dex-4 Slay+6
                  | Stlth+} (Okawaru gifted it to you on level 1 of the Vaults)
 40875 | Vaults:1 | Received a gift from Okawaru
 40908 | Vaults:1 | 40908 ||| Stepping ~*~*~tactically~*~*~ (stealth).
 40926 | Vaults:1 | 40926 ||| Stepping ~*~*~tactically~*~*~ (stealth).
 40928 | Vaults:1 | 40928 ||| Stepping ~*~*~tactically~*~*~ (hiding).
 41013 | Vaults:1 | Found Hesm's Book Emporium.
 41098 | Vaults:1 | 41098 ||| Stepping ~*~*~tactically~*~*~ (hiding).
 41100 | Vaults:1 | 41100 ||| Stepping ~*~*~tactically~*~*~ (hiding).
 41271 | Vaults:1 | 41271 ||| UPGRADING to +0 helmet of the Tundras {rPois
                  | Dex-4 Slay+6 Stlth+}.
 41281 | Vaults:1 | 41281 ||| DROPPING +2 helmet.
 41282 | Vaults:1 | 41282 ||| DROPPING amulet of the acrobat.
 41377 | Vaults:2 | 41377 ||| INVOKING Heroism.
 41391 | Vaults:2 | Reached XP level 20. HP: 84/134 MP: 27/27
 41566 | Vaults:2 | 41566 ||| INVOKING Heroism.
 41766 | Vaults:2 | 41766 ||| INVOKING Heroism.
 42238 | Vaults:2 | 42238 ||| Stepping ~*~*~tactically~*~*~ (hiding).
 42240 | Vaults:2 | 42240 ||| Stepping ~*~*~tactically~*~*~ (hiding).
 42241 | Vaults:2 | 42241 ||| Stepping ~*~*~tactically~*~*~ (hiding).
 42242 | Vaults:2 | 42242 ||| Stepping ~*~*~tactically~*~*~ (hiding).
 42342 | Vaults:2 | 42342 ||| INVOKING Heroism.
 42511 | Vaults:2 | 42511 ||| Stepping ~*~*~tactically~*~*~ (hiding).
 42513 | Vaults:2 | 42513 ||| Stepping ~*~*~tactically~*~*~ (hiding).
 42552 | Vaults:2 | Found a staircase to the Crypt.
 42552 | Vaults:2 | Found an ancient bone altar of Kikubaaqudgha.
 42553 | Vaults:2 | Found a basalt altar of Yredelemnul.
 42584 | Vaults:2 | 42584 ||| Stepping ~*~*~tactically~*~*~ (hiding).
 42586 | Vaults:2 | 42586 ||| Stepping ~*~*~tactically~*~*~ (hiding).
 42600 | Vaults:2 | 42600 ||| FLEEEEING.
 42601 | Vaults:2 | 42601 ||| FLEEEEING.
 42602 | Vaults:2 | 42602 ||| FLEEEEING.
 42603 | Vaults:2 | 42603 ||| FLEEEEING.
 42604 | Vaults:2 | 42604 ||| FLEEEEING.
 42605 | Vaults:2 | 42605 ||| FLEEEEING.
 42606 | Vaults:2 | 42606 ||| FLEEEEING.
 42607 | Vaults:2 | 42607 ||| FLEEEEING.
 42608 | Vaults:2 | 42608 ||| FLEEEEING.
 42609 | Vaults:2 | 42609 ||| FLEEEEING.
 42611 | Vaults:2 | 42611 ||| FLEEEEING.
 42612 | Vaults:2 | 42612 ||| FLEEEEING.
 42613 | Vaults:2 | 42613 ||| FLEEEEING.
 42614 | Vaults:2 | 42614 ||| FLEEEEING.
 42615 | Vaults:2 | 42615 ||| FLEEEEING.
 42617 | Vaults:2 | 42617 ||| FLEEEEING.
 42620 | Vaults:2 | 42620 ||| FLEEEEING.
 42623 | Vaults:2 | 42623 ||| FLEEEEING.
 42624 | Vaults:2 | 42624 ||| FLEEEEING.
 42625 | Vaults:2 | 42625 ||| FLEEEEING.
 42626 | Vaults:2 | 42626 ||| FLEEEEING.
 42627 | Vaults:2 | 42627 ||| FLEEEEING.
 42635 | Vaults:2 | 42635 ||| FLEEEEING.
 42636 | Vaults:2 | 42636 ||| FLEEEEING.
 42637 | Vaults:2 | 42637 ||| FLEEEEING.
 42677 | Vaults:2 | 42677 ||| INVOKING Heroism.
 42973 | Vaults:2 | Found Goduefipt's Assorted Antiques.
 42976 | Vaults:2 | 42976 ||| BUYING potion of cancellation (232 gold).
 42976 | Vaults:2 | Bought a potion of cancellation for 232 gold pieces
 43029 | Vaults:2 | 43029 ||| INVOKING Heroism.
 43040 | Vaults:2 | HP: 26/134 [tengu reaver/bolt of acid (36)]
 43041 | Vaults:2 | 43041 ||| READING scroll of teleportation.
 43042 | Vaults:2 | 43042 ||| DRINKING potion of heal wounds.
 43394 | Vaults:2 | 43394 ||| Stepping ~*~*~tactically~*~*~ (stealth).
 43400 | Vaults:2 | 43400 ||| INVOKING Heroism.
 43682 | Vaults:3 | 43682 ||| INVOKING Heroism.
 43829 | Vaults:3 | Reached skill level 18 in Fighting
 43834 | Vaults:3 | 43834 ||| INVOKING Heroism.
 43905 | Vaults:3 | 43905 ||| FLEEEEING.
 43906 | Vaults:3 | 43906 ||| FLEEEEING.
 43911 | Vaults:3 | 43911 ||| FLEEEEING.
 43912 | Vaults:3 | 43912 ||| FLEEEEING.
 43913 | Vaults:3 | 43913 ||| FLEEEEING.
 43914 | Vaults:3 | 43914 ||| FLEEEEING.
 43915 | Vaults:3 | 43915 ||| FLEEEEING.
 43916 | Vaults:3 | 43916 ||| FLEEEEING.
 43920 | Vaults:3 | 43920 ||| STAIRDANCE
 44012 | Vaults:3 | 44012 ||| INVOKING Heroism.
 44021 | Vaults:3 | HP: 30/136 [tengu reaver/bolt of acid (33)]
 44035 | Vaults:3 | 44035 ||| FLEEEEING.
 44036 | Vaults:3 | 44036 ||| FLEEEEING.
 44037 | Vaults:3 | 44037 ||| FLEEEEING.
 44038 | Vaults:3 | 44038 ||| FLEEEEING.
 44039 | Vaults:3 | 44039 ||| FLEEEEING.
 44296 | Vaults:3 | 44296 ||| Stepping ~*~*~tactically~*~*~ (hiding).
 44297 | Vaults:3 | 44297 ||| Stepping ~*~*~tactically~*~*~ (stealth).
 44343 | Vaults:3 | 44343 ||| INVOKING Heroism.
 44617 | Vaults:3 | 44617 ||| INVOKING Heroism.
 44835 | Vaults:3 | 44835 ||| INVOKING Heroism.
 44840 | Vaults:3 | Received a gift from Okawaru
 45100 | Vaults:3 | 45100 ||| Stepping ~*~*~tactically~*~*~ (stealth).
 45101 | Vaults:3 | 45101 ||| Stepping ~*~*~tactically~*~*~ (stealth).
 45110 | Vaults:3 | 45110 ||| READING scroll of enchant weapon.
 45110 | Vaults:3 | 45110 ||| ENCHANTING +1 broad axe.
 45139 | Vaults:3 | 45139 ||| Stepping ~*~*~tactically~*~*~ (stealth).
 45140 | Vaults:3 | 45140 ||| Stepping ~*~*~tactically~*~*~ (stealth).
 45167 | Vaults:3 | 45167 ||| Stepping ~*~*~tactically~*~*~ (stealth).
 45223 | Vaults:3 | 45223 ||| INVOKING Heroism.
 45252 | Vaults:3 | Received a gift from Okawaru
 45253 | Vaults:3 | 45253 ||| Stepping ~*~*~tactically~*~*~ (hiding).
 45257 | Vaults:3 | 45257 ||| Stepping ~*~*~tactically~*~*~ (hiding).
 45258 | Vaults:3 | 45258 ||| Stepping ~*~*~tactically~*~*~ (hiding).
 45779 | Vaults:3 | 45779 ||| Stepping ~*~*~tactically~*~*~ (hiding).
 45926 | Vaults:3 | 45926 ||| Stepping ~*~*~tactically~*~*~ (hiding).
 45927 | Vaults:3 | 45927 ||| Stepping ~*~*~tactically~*~*~ (hiding).
 45935 | Vaults:3 | 45935 ||| INVOKING Finesse.
 45967 | Vaults:3 | 45967 ||| Stepping ~*~*~tactically~*~*~ (stealth).
 45970 | Vaults:3 | 45970 ||| Stepping ~*~*~tactically~*~*~ (hiding).
 45971 | Vaults:3 | 45971 ||| Stepping ~*~*~tactically~*~*~ (hiding).
 45972 | Vaults:3 | 45972 ||| Stepping ~*~*~tactically~*~*~ (hiding).
 46046 | Vaults:3 | Identified the +5 spear of the Tiger {freeze, +Blink Str+3}
 46082 | Vaults:3 | 46082 ||| Stepping ~*~*~tactically~*~*~ (stealth).
 46084 | Vaults:3 | 46084 ||| Stepping ~*~*~tactically~*~*~ (stealth).
 46085 | Vaults:3 | 46085 ||| Stepping ~*~*~tactically~*~*~ (stealth).
 46177 | Vaults:3 | 46177 ||| Stepping ~*~*~tactically~*~*~ (hiding).
 46178 | Vaults:3 | 46178 ||| Stepping ~*~*~tactically~*~*~ (hiding).
 46180 | Vaults:3 | 46180 ||| Stepping ~*~*~tactically~*~*~ (hiding).
 46338 | Vaults:3 | 46338 ||| INVOKING Heroism.
 46564 | Vaults:3 | 46564 ||| Stepping ~*~*~tactically~*~*~ (stealth).
 46655 | Vaults:4 | 46655 ||| INVOKING Heroism.
 46656 | Vaults:4 | 46656 ||| INVOKING Finesse.
 46674 | Vaults:4 | Reached skill level 19 in Fighting
 46690 | Vaults:4 | 46690 ||| INVOKING Heroism.
 46693 | Vaults:4 | Reached XP level 21. HP: 97/144 MP: 21/28
 46693 | Vaults:4 | 46693 ||| FLEEEEING.
 46695 | Vaults:4 | 46695 ||| STAIRDANCE
 46831 | Vaults:4 | Identified the +11 scimitar "Fooc" {flame, rF+ rN+ MP+9}
 46876 | Vaults:4 | 46876 ||| Stepping ~*~*~tactically~*~*~ (hiding).
 46877 | Vaults:4 | 46877 ||| Stepping ~*~*~tactically~*~*~ (hiding).
 46912 | Vaults:4 | 46912 ||| INVOKING Heroism.
 47115 | Vaults:4 | 47115 ||| READING scroll of acquirement.
 47115 | Vaults:4 | 47115 ||| ACQUIRING 1170 gold pieces
 47115 | Vaults:4 | Acquired 1170 gold pieces
 47363 | Vaults:4 | Received a gift from Okawaru
 47382 | Vaults:4 | 47382 ||| FLEEEEING.
 47383 | Vaults:4 | 47383 ||| FLEEEEING.
 47384 | Vaults:4 | 47384 ||| FLEEEEING.
 47385 | Vaults:4 | 47385 ||| FLEEEEING.
 47386 | Vaults:4 | 47386 ||| FLEEEEING.
 47387 | Vaults:4 | 47387 ||| FLEEEEING.
 47388 | Vaults:4 | 47388 ||| FLEEEEING.
 47505 | Vaults:4 | Identified the +0 helmet of the Quahog {-Tele rElec Dex+7}
 47747 | Vaults:4 | Received a gift from Okawaru
 47859 | Vaults:4 | Identified the +1 robe of Subjectivity {Regen+ Stlth+}
 47952 | Vaults:4 | 47952 ||| Stepping ~*~*~tactically~*~*~ (stealth).
 47975 | Vaults:4 | 47975 ||| FLEEEEING.
 47976 | Vaults:4 | 47976 ||| FLEEEEING.
 47977 | Vaults:4 | 47977 ||| FLEEEEING.
 47978 | Vaults:4 | 47978 ||| FLEEEEING.
 47979 | Vaults:4 | 47979 ||| FLEEEEING.
 48056 | Vaults:4 | 48056 ||| Stepping ~*~*~tactically~*~*~ (stealth).
 48057 | Vaults:4 | 48057 ||| Stepping ~*~*~tactically~*~*~ (stealth).
 48059 | Vaults:4 | 48059 ||| Stepping ~*~*~tactically~*~*~ (stealth).
 48060 | Vaults:4 | 48060 ||| Stepping ~*~*~tactically~*~*~ (stealth).
 48061 | Vaults:4 | 48061 ||| Stepping ~*~*~tactically~*~*~ (stealth).
 48062 | Vaults:4 | 48062 ||| Stepping ~*~*~tactically~*~*~ (stealth).
 48063 | Vaults:4 | 48063 ||| Stepping ~*~*~tactically~*~*~ (stealth).
 48229 | Vaults:4 | 48229 ||| Stepping ~*~*~tactically~*~*~ (hiding).
 48240 | Vaults:4 | Received a gift from Okawaru
 48243 | Vaults:4 | 48243 ||| PLANNING SWAMP:4
 48243 | Vaults:4 | 48243 ||| DROPPING +0 helmet of the Quahog {-Tele rElec
                  | Dex+7}.
 48244 | Vaults:4 | 48244 ||| DROPPING ring of see invisible.
 48546 | Swamp:4  | Entered Level 4 of the Swamp
 48570 | Swamp:4  | 48570 ||| Stepping ~*~*~tactically~*~*~ (stealth).
 48585 | Swamp:4  | 48585 ||| INVOKING Heroism.
 48595 | Swamp:4  | 48595 ||| Stepping ~*~*~tactically~*~*~ (stealth).
 48607 | Swamp:4  | 48607 ||| Stepping ~*~*~tactically~*~*~ (hiding).
 48608 | Swamp:4  | 48608 ||| Stepping ~*~*~tactically~*~*~ (hiding).
 48627 | Swamp:4  | Received a gift from Okawaru
 48628 | Swamp:4  | HP: 28/144 [12-headed hydra[a spriggan druid] (12)]
 48629 | Swamp:4  | 48629 ||| READING scroll of teleportation.
 48630 | Swamp:4  | 48630 ||| DRINKING potion of heal wounds.
 48666 | Swamp:4  | 48666 ||| FLEEEEING.
 48670 | Swamp:4  | 48670 ||| STAIRDANCE
 48958 | Swamp:4  | 48958 ||| INVOKING Heroism.
 48978 | Swamp:4  | 48978 ||| INVOKING Heroism.
 49001 | Swamp:4  | Received a gift from Okawaru
 49003 | Swamp:4  | 49003 ||| FLEEEEING.
 49005 | Swamp:4  | 49005 ||| FLEEEEING.
 49011 | Swamp:4  | 49011 ||| Stepping ~*~*~tactically~*~*~ (hiding).
 49031 | Swamp:4  | 49031 ||| INVOKING Heroism.
 49090 | Swamp:4  | 49090 ||| INVOKING Heroism.
 49102 | Swamp:4  | 49102 ||| Stepping ~*~*~tactically~*~*~ (stealth).
 49111 | Swamp:4  | 49111 ||| Stepping ~*~*~tactically~*~*~ (hiding).
 49154 | Swamp:4  | 49154 ||| Stepping ~*~*~tactically~*~*~ (stealth).
 49160 | Swamp:4  | 49160 ||| INVOKING Heroism.
 49224 | Swamp:4  | 49224 ||| Stepping ~*~*~tactically~*~*~ (hiding).
 49238 | Swamp:4  | Identified the +2 pair of gloves of Ynaonun {Str+6 Int-3}
                  | (Okawaru gifted it to you on level 4 of the Swamp)
 49238 | Swamp:4  | Received a gift from Okawaru
 49476 | Swamp:4  | 49476 ||| INVOKING Heroism.
 49477 | Swamp:4  | 49477 ||| INVOKING Finesse.
 49597 | Swamp:4  | 49597 ||| Stepping ~*~*~tactically~*~*~ (stealth).
 49600 | Swamp:4  | 49600 ||| Stepping ~*~*~tactically~*~*~ (stealth).
 49601 | Swamp:4  | 49601 ||| Stepping ~*~*~tactically~*~*~ (stealth).
 49726 | Swamp:4  | Got a decaying rune of Zot
 49856 | Swamp:4  | 49856 ||| PLANNING DEPTHS
 49856 | Swamp:4  | 49856 ||| UPGRADING to +2 pair of gloves of Ynaonun {Str+6
                  | Int-3}.
 49866 | Swamp:4  | 49866 ||| DROPPING +2 pair of gloves.
 50085 | Depths:1 | Entered Level 1 of the Depths
 50096 | Depths:1 | 50096 ||| INVOKING Finesse.
 50107 | Depths:1 | 50107 ||| Stepping ~*~*~tactically~*~*~ (hiding).
 50111 | Depths:1 | Reached skill level 20 in Fighting
 50350 | Depths:1 | 50350 ||| INVOKING Heroism.
 50356 | Depths:1 | 50356 ||| Stepping ~*~*~tactically~*~*~ (hiding).
 50440 | Depths:1 | 50440 ||| FLEEEEING.
 50518 | Depths:1 | Found a hide-covered altar of Uskayaw.
 50546 | Depths:1 | 50546 ||| INVOKING Heroism.
 50582 | Depths:1 | 50582 ||| FLEEEEING.
 50583 | Depths:1 | 50583 ||| FLEEEEING.
 50584 | Depths:1 | 50584 ||| FLEEEEING.
 50594 | Depths:1 | Reached skill level 21 in Shields
 50791 | Depths:1 | 50791 ||| Stepping ~*~*~tactically~*~*~ (stealth).
 50792 | Depths:1 | 50792 ||| Stepping ~*~*~tactically~*~*~ (stealth).
 50796 | Depths:1 | 50796 ||| Stepping ~*~*~tactically~*~*~ (stealth).
 50798 | Depths:1 | 50798 ||| Stepping ~*~*~tactically~*~*~ (stealth).
 50800 | Depths:1 | 50800 ||| Stepping ~*~*~tactically~*~*~ (stealth).
 50802 | Depths:1 | 50802 ||| INVOKING Heroism.
 50855 | Depths:1 | 50855 ||| FLEEEEING.
 50856 | Depths:1 | 50856 ||| FLEEEEING.
 51019 | Depths:1 | 51019 ||| FLEEEEING.
 51020 | Depths:1 | 51020 ||| FLEEEEING.
 51021 | Depths:1 | 51021 ||| FLEEEEING.
 51022 | Depths:1 | 51022 ||| FLEEEEING.
 51023 | Depths:1 | 51023 ||| FLEEEEING.
 51024 | Depths:1 | 51024 ||| FLEEEEING.
 51025 | Depths:1 | 51025 ||| FLEEEEING.
 51152 | Depths:1 | 51152 ||| INVOKING Heroism.
 51159 | Depths:1 | 51159 ||| Stepping ~*~*~tactically~*~*~ (stealth).
 51175 | Depths:1 | 51175 ||| Stepping ~*~*~tactically~*~*~ (stealth).
 51176 | Depths:1 | 51176 ||| Stepping ~*~*~tactically~*~*~ (stealth).
 51180 | Depths:1 | 51180 ||| Stepping ~*~*~tactically~*~*~ (stealth).
 51181 | Depths:1 | 51181 ||| Stepping ~*~*~tactically~*~*~ (stealth).
 51183 | Depths:1 | 51183 ||| Stepping ~*~*~tactically~*~*~ (stealth).
 51189 | Depths:1 | 51189 ||| Stepping ~*~*~tactically~*~*~ (stealth).
 51207 | Depths:1 | Reached XP level 22. HP: 141/152 MP: 29/29
 51244 | Depths:1 | 51244 ||| Stepping ~*~*~tactically~*~*~ (stealth).
 51246 | Depths:1 | 51246 ||| Stepping ~*~*~tactically~*~*~ (stealth).
 51290 | Depths:1 | 51290 ||| Stepping ~*~*~tactically~*~*~ (hiding).
 51294 | Depths:1 | 51294 ||| Stepping ~*~*~tactically~*~*~ (hiding).
 51302 | Depths:1 | Gained mutation: You do not regenerate when monsters are
                  | visible. [a cacodemon]
 51305 | Depths:1 | 51305 ||| INVOKING Heroism.
 51310 | Depths:1 | Reached skill level 18 in Armour
 51315 | Depths:1 | Gained mutation: You are somewhat resistant to further
                  | mutation. [a cacodemon]
 51512 | Depths:1 | 51512 ||| DRINKING 6 potions of mutation.
 51512 | Depths:1 | Lost mutation: You do not regenerate when monsters are
                  | visible. [potion of mutation]
 51512 | Depths:1 | Lost mutation: You are somewhat resistant to further
                  | mutation. [potion of mutation]
 51512 | Depths:1 | Gained mutation: Your flesh is heat resistant. (rF+)
                  | [potion of mutation]
 51512 | Depths:1 | Gained mutation: You are clumsy. (Dex -2) [potion of
                  | mutation]
 51515 | Depths:1 | Found a gateway to Hell.
 51516 | Depths:1 | 51516 ||| INVOKING Heroism.
 51712 | Depths:1 | 51712 ||| Stepping ~*~*~tactically~*~*~ (stealth).
 51716 | Depths:1 | 51716 ||| Stepping ~*~*~tactically~*~*~ (hiding).
 51717 | Depths:1 | 51717 ||| INVOKING Heroism.
 51736 | Depths:1 | 51736 ||| Stepping ~*~*~tactically~*~*~ (cloud).
 51844 | Depths:1 | 51844 ||| FLEEEEING.
 51848 | Depths:1 | 51848 ||| INVOKING Heroism.
 51980 | Depths:1 | Found Idilop's Armour Shoppe.
 51982 | Depths:1 | Found Merang's Book Emporium.
 51986 | Depths:1 | Found Cueg's Assorted Antiques.
 51989 | Depths:1 | 51989 ||| BUYING +1 ring mail of the Sacrificial Victim
                  | {rF+ rCorr Str-2 Dex+6} (851 gold).
 51989 | Depths:1 | Bought the +1 ring mail of the Sacrificial Victim {rF+
                  | rCorr Str-2 Dex+6} for 851 gold pieces
 51989 | Depths:1 | 51989 ||| BUYING +2 chain mail of cold resistance (494
                  | gold).
 51989 | Depths:1 | Bought a +2 chain mail of cold resistance for 494 gold
                  | pieces
 51989 | Depths:1 | 51989 ||| BUYING +9 chain mail of Spring {rPois rF+ rC-
                  | MP+9} (1830 gold).
 51989 | Depths:1 | Bought the +9 chain mail of Spring {rPois rF+ rC- MP+9} for
                  | 1830 gold pieces
 51993 | Depths:1 | 51993 ||| SHOPLISTING 2 potions of heal wounds (500 gold,
                  | have 218).
 51993 | Depths:1 | 51993 ||| BUYING potion of curing (150 gold).
 51993 | Depths:1 | Bought a potion of curing for 150 gold pieces
 51993 | Depths:1 | 51993 ||| SHOPLISTING potion of enlightenment (250 gold,
                  | have 68).
 51993 | Depths:1 | 51993 ||| SHOPLISTING potion of heal wounds (250 gold, have
                  | 68).
 51993 | Depths:1 | 51993 ||| SHOPLISTING runed plate armour (1300 gold, have
                  | 68).
 51993 | Depths:1 | 51993 ||| SHOPLISTING scroll of enchant weapon (375 gold,
                  | have 68).
 52140 | Depths:1 | 52140 ||| DROPPING +0 fire dragon scales.
 52141 | Depths:1 | 52141 ||| UPGRADING to +9 chain mail of Spring {rPois rF+
                  | rC- MP+9}.
 52206 | Depths:2 | 52206 ||| INVOKING Heroism.
 52223 | Depths:2 | 52223 ||| STAIRDANCE
 52439 | Depths:2 | 52439 ||| STAIRDANCE
 52505 | Depths:2 | 52505 ||| STAIRDANCE
 52614 | Depths:2 | Reached skill level 21 in Fighting
 52688 | Depths:2 | 52688 ||| FLEEEEING.
 52705 | Depths:2 | 52705 ||| FLEEEEING.
 52706 | Depths:2 | 52706 ||| FLEEEEING.
 52707 | Depths:2 | 52707 ||| FLEEEEING.
 52716 | Depths:2 | 52716 ||| STAIRDANCE
 52801 | Depths:2 | 52801 ||| INVOKING Finesse.
 52810 | Depths:2 | 52810 ||| INVOKING Heroism.
 52831 | Depths:2 | Received a gift from Okawaru
 52847 | Depths:2 | 52847 ||| Stepping randomly (disturbance).
 52848 | Depths:2 | 52848 ||| Stepping randomly (disturbance).
 52850 | Depths:2 | 52850 ||| Stepping randomly (disturbance).
 52852 | Depths:2 | 52852 ||| Stepping randomly (disturbance).
 52957 | Depths:2 | Identified the +0 ring mail of Evolution {Int+4}
 52988 | Depths:2 | 52988 ||| INVOKING Heroism.
 53037 | Depths:2 | Noticed Grunn
 53038 | Depths:2 | 53038 ||| INVOKING Heroism.
 53039 | Depths:2 | 53039 ||| INVOKING Finesse.
 53059 | Depths:2 | Killed Grunn
 53059 | Depths:2 | Received a gift from Okawaru
 53066 | Depths:2 | Reached skill level 22 in Fighting
 53085 | Depths:2 | Received a gift from Okawaru
 53086 | Depths:2 | 53086 ||| INVOKING Heroism.
 53115 | Depths:2 | 53115 ||| FLEEEEING.
 53189 | Depths:2 | 53189 ||| FLEEEEING.
 53190 | Depths:2 | 53190 ||| FLEEEEING.
 53191 | Depths:2 | 53191 ||| FLEEEEING.
 53193 | Depths:2 | 53193 ||| FLEEEEING.
 53194 | Depths:2 | 53194 ||| FLEEEEING.
 53195 | Depths:2 | 53195 ||| FLEEEEING.
 53196 | Depths:2 | 53196 ||| FLEEEEING.
 53197 | Depths:2 | 53197 ||| FLEEEEING.
 53198 | Depths:2 | 53198 ||| FLEEEEING.
 53199 | Depths:2 | 53199 ||| FLEEEEING.
 53200 | Depths:2 | 53200 ||| FLEEEEING.
 53201 | Depths:2 | 53201 ||| FLEEEEING.
 53202 | Depths:2 | 53202 ||| FLEEEEING.
 53203 | Depths:2 | 53203 ||| FLEEEEING.
 53204 | Depths:2 | 53204 ||| FLEEEEING.
 53205 | Depths:2 | 53205 ||| FLEEEEING.
 53206 | Depths:2 | 53206 ||| FLEEEEING.
 53208 | Depths:2 | 53208 ||| FLEEEEING.
 53209 | Depths:2 | 53209 ||| FLEEEEING.
 53210 | Depths:2 | 53210 ||| FLEEEEING.
 53211 | Depths:2 | 53211 ||| FLEEEEING.
 53212 | Depths:2 | 53212 ||| FLEEEEING.
 53213 | Depths:2 | 53213 ||| FLEEEEING.
 53214 | Depths:2 | 53214 ||| FLEEEEING.
 53215 | Depths:2 | 53215 ||| FLEEEEING.
 53216 | Depths:2 | 53216 ||| FLEEEEING.
 53217 | Depths:2 | 53217 ||| FLEEEEING.
 53218 | Depths:2 | 53218 ||| FLEEEEING.
 53219 | Depths:2 | 53219 ||| FLEEEEING.
 53220 | Depths:2 | 53220 ||| FLEEEEING.
 53221 | Depths:2 | 53221 ||| FLEEEEING.
 53222 | Depths:2 | 53222 ||| FLEEEEING.
 53292 | Depths:2 | 53292 ||| Stepping ~*~*~tactically~*~*~ (stealth).
 53317 | Depths:2 | 53317 ||| Stepping ~*~*~tactically~*~*~ (stealth).
 53320 | Depths:2 | 53320 ||| Stepping ~*~*~tactically~*~*~ (hiding).
 53321 | Depths:2 | 53321 ||| Stepping ~*~*~tactically~*~*~ (hiding).
 53322 | Depths:2 | 53322 ||| Stepping ~*~*~tactically~*~*~ (stealth).
 53337 | Depths:2 | 53337 ||| INVOKING Heroism.
 53341 | Depths:2 | 53341 ||| INVOKING Finesse.
 53350 | Depths:2 | Received a gift from Okawaru
 53466 | Depths:2 | Found a one-way gate leading to the halls of Pandemonium.
 53520 | Depths:2 | Paralysed by a floating eye for 2 turns
 53538 | Depths:2 | 53538 ||| Stepping ~*~*~tactically~*~*~ (stealth).
 53551 | Depths:2 | 53551 ||| INVOKING Finesse.
 53564 | Depths:2 | 53564 ||| INVOKING Heroism.
 53586 | Depths:2 | 53586 ||| Stepping ~*~*~tactically~*~*~ (cloud).
 53587 | Depths:2 | 53587 ||| Stepping ~*~*~tactically~*~*~ (cloud).
 53588 | Depths:2 | 53588 ||| Stepping ~*~*~tactically~*~*~ (cloud).
 53645 | Depths:2 | Reached XP level 23. HP: 105/162 MP: 30/30
 53666 | Depths:2 | 53666 ||| FLEEEEING.
 53667 | Depths:2 | 53667 ||| FLEEEEING.
 53668 | Depths:2 | 53668 ||| FLEEEEING.
 53691 | Depths:2 | 53691 ||| Stepping ~*~*~tactically~*~*~ (stealth).
 53693 | Depths:2 | 53693 ||| Stepping ~*~*~tactically~*~*~ (stealth).
 53694 | Depths:2 | 53694 ||| Stepping ~*~*~tactically~*~*~ (stealth).
 53695 | Depths:2 | 53695 ||| Stepping ~*~*~tactically~*~*~ (stealth).
 53697 | Depths:2 | 53697 ||| Stepping ~*~*~tactically~*~*~ (stealth).
 53706 | Depths:2 | 53706 ||| Stepping ~*~*~tactically~*~*~ (stealth).
 53707 | Depths:2 | 53707 ||| Stepping ~*~*~tactically~*~*~ (stealth).
 53708 | Depths:2 | 53708 ||| Stepping ~*~*~tactically~*~*~ (stealth).
 53798 | Depths:2 | 53798 ||| Stepping ~*~*~tactically~*~*~ (stealth).
 53807 | Depths:2 | 53807 ||| Stepping ~*~*~tactically~*~*~ (hiding).
 53809 | Depths:2 | Noticed Saint Roka
 53827 | Depths:2 | 53827 ||| INVOKING Heroism.
 53830 | Depths:2 | Killed Saint Roka
 53830 | Depths:2 | Received a gift from Okawaru
 53880 | Depths:2 | 53880 ||| Stepping ~*~*~tactically~*~*~ (stealth).
 53977 | Depths:2 | 53977 ||| Stepping ~*~*~tactically~*~*~ (hiding).
 54116 | Depths:2 | 54116 ||| Stepping ~*~*~tactically~*~*~ (stealth).
 54117 | Depths:2 | 54117 ||| Stepping ~*~*~tactically~*~*~ (stealth).
 54118 | Depths:2 | 54118 ||| Stepping ~*~*~tactically~*~*~ (stealth).
 54124 | Depths:2 | Received a gift from Okawaru
 54157 | Depths:2 | 54157 ||| Stepping ~*~*~tactically~*~*~ (stealth).
 54158 | Depths:2 | 54158 ||| Stepping ~*~*~tactically~*~*~ (stealth).
 54159 | Depths:2 | 54159 ||| Stepping ~*~*~tactically~*~*~ (stealth).
 54199 | Depths:2 | 54199 ||| READING scroll of enchant armour.
 54199 | Depths:2 | 54199 ||| ENCHANTING +0 cloak.
 54202 | Depths:2 | 54202 ||| READING scroll of enchant armour.
 54202 | Depths:2 | 54202 ||| ENCHANTING +1 cloak.
 54216 | Depths:2 | 54216 ||| INVOKING Heroism.
 54217 | Depths:2 | 54217 ||| INVOKING Finesse.
 54226 | Depths:2 | 54226 ||| Stepping ~*~*~tactically~*~*~ (cloud).
 54227 | Depths:2 | 54227 ||| Stepping ~*~*~tactically~*~*~ (cloud).
 54228 | Depths:2 | 54228 ||| Stepping ~*~*~tactically~*~*~ (cloud).
 54479 | Depths:2 | 54479 ||| INVOKING Heroism.
 54769 | Depths:2 | Noticed a dread lich
 54770 | Depths:2 | 54770 ||| INVOKING Heroism.
 54771 | Depths:2 | 54771 ||| INVOKING Finesse.
 54783 | Depths:2 | Killed a dread lich
 54853 | Depths:2 | 54853 ||| Stepping ~*~*~tactically~*~*~ (hiding).
 54854 | Depths:2 | 54854 ||| Stepping ~*~*~tactically~*~*~ (hiding).
 55037 | Depths:2 | 55037 ||| INVOKING Heroism.
 55090 | Depths:2 | 55090 ||| DRINKING potion of experience.
 55090 | Depths:2 | Reached XP level 24. HP: 169/169 MP: 30/30
 55227 | Depths:3 | 55227 ||| INVOKING Heroism.
 55236 | Depths:3 | Reached skill level 12 in Throwing
 55237 | Depths:3 | Received a gift from Okawaru
 55269 | Depths:3 | Received a gift from Okawaru
 55270 | Depths:3 | 55270 ||| STAIRDANCE
 55401 | Depths:3 | 55401 ||| INVOKING Heroism.
 55433 | Depths:3 | Found Xeweh's General Store.
 55437 | Depths:3 | 55437 ||| Stepping ~*~*~tactically~*~*~ (stealth).
 55439 | Depths:3 | 55439 ||| Stepping ~*~*~tactically~*~*~ (stealth).
 55441 | Depths:3 | 55441 ||| Stepping ~*~*~tactically~*~*~ (stealth).
 55498 | Depths:3 | 55498 ||| BUYING potion of enlightenment (105 gold).
 55498 | Depths:3 | Bought a potion of enlightenment for 105 gold pieces
 55584 | Depths:3 | 55584 ||| Stepping ~*~*~tactically~*~*~ (hiding).
 55585 | Depths:3 | 55585 ||| Stepping ~*~*~tactically~*~*~ (hiding).
 55730 | Depths:3 | 55730 ||| Stepping ~*~*~tactically~*~*~ (hiding).
 55748 | Depths:3 | Received a gift from Okawaru
 55753 | Depths:3 | 55753 ||| INVOKING Heroism.
 55770 | Depths:3 | 55770 ||| Stepping ~*~*~tactically~*~*~ (hiding).
 55786 | Depths:3 | HP: 29/167 [spriggan berserker/+0 rapier (17)]
 55787 | Depths:3 | 55787 ||| READING 3 scrolls of teleportation.
 55788 | Depths:3 | 55788 ||| DRINKING potion of heal wounds.
 55793 | Depths:3 | Reached skill level 23 in Fighting
 56249 | Depths:3 | Identified the +1 pair of gloves of Gicw {Int+4}
 56360 | Depths:3 | Found a one-way gate to the infinite horrors of the Abyss.
 56398 | Depths:3 | 56398 ||| INVOKING Heroism.
 56461 | Depths:3 | 56461 ||| INVOKING Heroism.
 56511 | Depths:3 | 56511 ||| Stepping ~*~*~tactically~*~*~ (stealth).
 56658 | Depths:3 | 56658 ||| FLEEEEING.
 56660 | Depths:3 | 56660 ||| FLEEEEING.
 56661 | Depths:3 | 56661 ||| FLEEEEING.
 56662 | Depths:3 | 56662 ||| FLEEEEING.
 56663 | Depths:3 | 56663 ||| FLEEEEING.
 56664 | Depths:3 | 56664 ||| FLEEEEING.
 56665 | Depths:3 | 56665 ||| FLEEEEING.
 56666 | Depths:3 | 56666 ||| FLEEEEING.
 56667 | Depths:3 | 56667 ||| FLEEEEING.
 56707 | Depths:3 | 56707 ||| DROPPING +1 pair of gloves of Gicw {Int+4}.
 56744 | Depths:4 | Entered Level 4 of the Depths
 56762 | Depths:4 | 56762 ||| Stepping ~*~*~tactically~*~*~ (hiding).
 56763 | Depths:4 | 56763 ||| Stepping ~*~*~tactically~*~*~ (hiding).
 56779 | Depths:4 | Noticed Margery
 56780 | Depths:4 | 56780 ||| Stepping ~*~*~tactically~*~*~ (hiding).
 56782 | Depths:4 | 56782 ||| Stepping ~*~*~tactically~*~*~ (hiding).
 56804 | Depths:4 | Killed Margery
 56805 | Depths:4 | Received a gift from Okawaru
 56913 | Depths:4 | 56913 ||| INVOKING Heroism.
 56930 | Depths:4 | HP: 29/168 [sphinx/divine providence (16)]
 56931 | Depths:4 | 56931 ||| READING 2 scrolls of teleportation.
 56935 | Depths:4 | 56935 ||| INVOKING Heroism.
 56936 | Depths:4 | HP: 15/170 [shadow dragon (3)]
 57057 | Depths:4 | 57057 ||| INVOKING Heroism.
 57060 | Depths:4 | Received a gift from Okawaru
 57147 | Depths:4 | 57147 ||| INVOKING Heroism.
 57457 | Depths:4 | HP: 38/171 [something (8)]
 57460 | Depths:4 | 57460 ||| INVOKING Heroism.
 57463 | Depths:4 | HP: 28/171 [something/bolt of cold (12)]
 57469 | Depths:4 | 57469 ||| READING 2 scrolls of teleportation.
 57470 | Depths:4 | HP: 26/171 [black draconian knight/+0 bardiche (5)]
 57523 | Depths:4 | 57523 ||| Stepping ~*~*~tactically~*~*~ (stealth).
 57525 | Depths:4 | 57525 ||| INVOKING Heroism.
 57568 | Depths:4 | HP: 8/170 [black draconian knight/bolt of cold (52)]
 57569 | Depths:4 | 57569 ||| READING scroll of teleportation.
 57569 | Depths:4 | HP: 3/170 [black draconian knight/bolt of lightning (5)]
 57940 | Depths:4 | 57940 ||| Stepping ~*~*~tactically~*~*~ (stealth).
 57952 | Depths:4 | Received a gift from Okawaru
 57954 | Depths:4 | 57954 ||| Stepping ~*~*~tactically~*~*~ (stealth).
 58088 | Depths:4 | 58088 ||| INVOKING Heroism.
 58198 | Depths:4 | Found a one-way gateway to a ziggurat.
 58260 | Depths:4 | 58260 ||| Stepping ~*~*~tactically~*~*~ (hiding).
 58322 | Depths:4 | 58322 ||| Stepping ~*~*~tactically~*~*~ (stealth).
 58452 | Depths:4 | Found a radiant altar of Vehumet.
 58567 | Depths:4 | Found a gate to the Realm of Zot.
 58666 | Depths:4 | 58666 ||| PLANNING VAULTS:5
 58944 | Vaults:5 | Entered Level 5 of the Vaults
 58944 | Vaults:5 | Noticed Mennas
 58945 | Vaults:5 | 58945 ||| INVOKING Heroism.
 58957 | Vaults:5 | 58957 ||| INVOKING Finesse.
 58959 | Vaults:5 | Received a gift from Okawaru
 58973 | Abyss:3  | Cast into level 3 of the Abyss (a deep elf sorcerer)
 58974 | Abyss:3  | 58974 ||| DRINKING 17 potions of curing.
 58974 | Abyss:3  | 58974 ||| (to cure confusion)
 59065 | Abyss:3  | 59065 ||| Stepping ~*~*~tactically~*~*~ (hiding).
 59075 | Abyss:3  | Received a gift from Okawaru
 59077 | Abyss:3  | Gained mutation: You are frail. (-10% HP) [a neqoxec]
 59082 | Abyss:3  | Reached XP level 25. HP: 132/160 MP: 30/30
 59083 | Abyss:3  | Gained mutation: You are dopey. (Int -2) [a neqoxec]
 59085 | Abyss:3  | Gained mutation: Armour fits poorly on your strangely
                  | shaped body. [a neqoxec]
 59143 | Abyss:3  | 59143 ||| DRINKING 5 potions of mutation.
 59143 | Abyss:3  | Lost mutation: You are dopey. (Int -2) [potion of mutation]
 59143 | Abyss:3  | Lost mutation: You are clumsy. (Dex -2) [potion of
                  | mutation]
 59143 | Abyss:3  | Gained mutation: You have hidden genetic defects. [potion
                  | of mutation]
 59144 | Abyss:3  | 59144 ||| DRINKING 4 potions of mutation.
 59144 | Abyss:3  | Lost mutation: You have hidden genetic defects. [potion of
                  | mutation]
 59144 | Abyss:3  | Lost mutation: Armour fits poorly on your strangely shaped
                  | body. [potion of mutation]
 59144 | Abyss:3  | Gained mutation: You occasionally shout uncontrollably at
                  | your foes. [potion of mutation]
 59144 | Abyss:3  | Gained mutation: You are partially covered in iridescent
                  | scales. (AC +2) [potion of mutation]
 59145 | Abyss:3  | 59145 ||| Stepping ~*~*~tactically~*~*~ (stealth).
 59146 | Abyss:3  | 59146 ||| Stepping ~*~*~tactically~*~*~ (stealth).
 59148 | Abyss:3  | 59148 ||| DRINKING 3 potions of mutation.
 59148 | Abyss:3  | Lost mutation: Your flesh is heat resistant. (rF+) [potion
                  | of mutation]
 59148 | Abyss:3  | Lost mutation: You are frail. (-10% HP) [potion of
                  | mutation]
 59148 | Abyss:3  | Lost mutation: You are partially covered in iridescent
                  | scales. (AC +2) [potion of mutation]
 59148 | Abyss:3  | Gained mutation: You expend magic power (3 MP) to
                  | strengthen your wands. [potion of mutation]
 59194 | Abyss:3  | 59194 ||| Stepping ~*~*~tactically~*~*~ (stealth).
 59196 | Abyss:3  | 59196 ||| Stepping ~*~*~tactically~*~*~ (hiding).
 59207 | Abyss:3  | 59207 ||| Stepping ~*~*~tactically~*~*~ (stealth).
 59208 | Abyss:3  | 59208 ||| Stepping ~*~*~tactically~*~*~ (stealth).
 59307 | Abyss:3  | 59307 ||| Stepping ~*~*~tactically~*~*~ (hiding).
 59370 | Abyss:3  | 59370 ||| Stepping ~*~*~tactically~*~*~ (stealth).
 59408 | Abyss:3  | 59408 ||| Stepping ~*~*~tactically~*~*~ (stealth).
 59411 | Abyss:3  | 59411 ||| Stepping ~*~*~tactically~*~*~ (hiding).
 59452 | Abyss:3  | 59452 ||| Stepping ~*~*~tactically~*~*~ (stealth).
 59463 | Abyss:3  | 59463 ||| Stepping ~*~*~tactically~*~*~ (hiding).
 59470 | Abyss:3  | Received a gift from Okawaru
 59474 | Abyss:3  | Reached skill level 24 in Fighting
 59494 | Abyss:3  | 59494 ||| Stepping ~*~*~tactically~*~*~ (stealth).
 59495 | Abyss:3  | 59495 ||| Stepping ~*~*~tactically~*~*~ (stealth).
 59496 | Abyss:3  | 59496 ||| Stepping ~*~*~tactically~*~*~ (stealth).
 59497 | Abyss:3  | 59497 ||| Stepping ~*~*~tactically~*~*~ (stealth).
 59499 | Abyss:3  | 59499 ||| Stepping ~*~*~tactically~*~*~ (stealth).
 59504 | Abyss:3  | 59504 ||| Stepping ~*~*~tactically~*~*~ (hiding).
 59505 | Abyss:3  | 59505 ||| Stepping ~*~*~tactically~*~*~ (hiding).
 59518 | Vaults:5 | Escaped the Abyss
 59519 | Vaults:5 | 59519 ||| INVOKING Heroism.
 59530 | Vaults:5 | 59530 ||| STAIRDANCE
 59752 | Vaults:5 | 59752 ||| INVOKING Heroism.
 59753 | Vaults:5 | 59753 ||| INVOKING Finesse.
 59804 | Vaults:5 | Killed Mennas
 59805 | Vaults:5 | 59805 ||| FLEEEEING.
 59806 | Vaults:5 | 59806 ||| STAIRDANCE
 60055 | Vaults:5 | 60055 ||| Stepping ~*~*~tactically~*~*~ (hiding).
 60078 | Vaults:5 | Received a gift from Okawaru
 60082 | Vaults:5 | Reached skill level 21 in Armour
 60097 | Vaults:5 | 60097 ||| SWAPPING to +3 broad axe.
 60098 | Vaults:5 | 60098 ||| DROPPING +2 broad axe.
 60099 | Vaults:5 | 60099 ||| Stepping ~*~*~tactically~*~*~ (hiding).
 60100 | Vaults:5 | 60100 ||| Stepping ~*~*~tactically~*~*~ (hiding).
 60101 | Vaults:5 | 60101 ||| Stepping ~*~*~tactically~*~*~ (hiding).
 60121 | Vaults:5 | 60121 ||| INVOKING Heroism.
 60122 | Vaults:5 | 60122 ||| INVOKING Finesse.
 60123 | Vaults:5 | 60123 ||| INVOKING Finesse.
 60159 | Vaults:5 | 60159 ||| Stepping ~*~*~tactically~*~*~ (stealth).
 60177 | Vaults:5 | 60177 ||| Stepping ~*~*~tactically~*~*~ (hiding).
 60178 | Vaults:5 | 60178 ||| Stepping ~*~*~tactically~*~*~ (hiding).
 60196 | Vaults:5 | 60196 ||| INVOKING Heroism.
 60208 | Vaults:5 | 60208 ||| STAIRDANCE
 60404 | Vaults:5 | 60404 ||| INVOKING Heroism.
 60479 | Vaults:5 | 60479 ||| Stepping ~*~*~tactically~*~*~ (stealth).
 60482 | Vaults:5 | 60482 ||| INVOKING Heroism.
 60497 | Vaults:5 | 60497 ||| Stepping ~*~*~tactically~*~*~ (stealth).
 60508 | Vaults:5 | Noticed a dread lich
 60516 | Vaults:5 | Killed a dread lich
 60533 | Vaults:5 | Received a gift from Okawaru
 60559 | Vaults:5 | 60559 ||| FLEEEEING.
 60560 | Vaults:5 | 60560 ||| FLEEEEING.
 60561 | Vaults:5 | 60561 ||| FLEEEEING.
 60562 | Vaults:5 | 60562 ||| INVOKING Heroism.
 60616 | Vaults:5 | Identified the ring "Qaorunon" {rF+++ AC+4 Str-4 Slay+3
                  | SInv}
 60617 | Vaults:5 | 60617 ||| STAIRDANCE
 60684 | Vaults:5 | 60684 ||| INVOKING Heroism.
 60772 | Vaults:5 | Identified the +3 orcbow of Compassion {drain, Contam rF+
                  | rC+ Str+2 Stlth+}
 60791 | Vaults:5 | 60791 ||| INVOKING Heroism.
 60803 | Vaults:5 | 60803 ||| Stepping ~*~*~tactically~*~*~ (stealth).
 60804 | Vaults:5 | 60804 ||| Stepping ~*~*~tactically~*~*~ (stealth).
 60805 | Vaults:5 | 60805 ||| Stepping ~*~*~tactically~*~*~ (stealth).
 60806 | Vaults:5 | 60806 ||| Stepping ~*~*~tactically~*~*~ (stealth).
 60808 | Vaults:5 | 60808 ||| Stepping ~*~*~tactically~*~*~ (stealth).
 60811 | Vaults:5 | 60811 ||| Stepping ~*~*~tactically~*~*~ (stealth).
 60813 | Vaults:5 | 60813 ||| Stepping ~*~*~tactically~*~*~ (stealth).
 60825 | Vaults:5 | 60825 ||| Stepping ~*~*~tactically~*~*~ (stealth).
 60826 | Vaults:5 | 60826 ||| Stepping ~*~*~tactically~*~*~ (stealth).
 60827 | Vaults:5 | 60827 ||| Stepping ~*~*~tactically~*~*~ (stealth).
 60832 | Vaults:5 | 60832 ||| Stepping ~*~*~tactically~*~*~ (stealth).
 60835 | Vaults:5 | 60835 ||| Stepping ~*~*~tactically~*~*~ (stealth).
 60848 | Vaults:5 | 60848 ||| Stepping ~*~*~tactically~*~*~ (stealth).
 60853 | Vaults:5 | 60853 ||| FLEEEEING.
 60856 | Vaults:5 | 60856 ||| FLEEEEING.
 60865 | Vaults:5 | 60865 ||| STAIRDANCE
 60920 | Vaults:4 | 60920 ||| UPGRADING to ring "Qaorunon" {rF+++ AC+4 Str-4
                  | Slay+3 SInv}.
 60922 | Vaults:4 | 60922 ||| DROPPING ring of Leishram {rF+ rN+ Str+2}.
 60963 | Vaults:5 | 60963 ||| Stepping ~*~*~tactically~*~*~ (hiding).
 61153 | Vaults:5 | 61153 ||| INVOKING Heroism.
 61159 | Vaults:5 | Reached skill level 25 in Fighting
 61234 | Vaults:5 | 61234 ||| INVOKING Heroism.
 61283 | Vaults:5 | 61283 ||| Stepping ~*~*~tactically~*~*~ (stealth).
 61285 | Vaults:5 | 61285 ||| Stepping ~*~*~tactically~*~*~ (stealth).
 61355 | Vaults:5 | Noticed an ancient lich
 61356 | Vaults:5 | 61356 ||| INVOKING Heroism.
 61367 | Vaults:5 | Killed an ancient lich
 61478 | Vaults:5 | 61478 ||| FLEEEEING.
 61507 | Vaults:5 | Identified the ring of Locveryb {rElec rF+ Int+2}
 61508 | Vaults:5 | 61508 ||| INVOKING Heroism.
 61519 | Vaults:5 | Received a gift from Okawaru
 61522 | Vaults:5 | Noticed an ancient lich
 61543 | Vaults:5 | Killed an ancient lich
 61543 | Vaults:5 | Received a gift from Okawaru
 61545 | Vaults:5 | 61545 ||| INVOKING Heroism.
 61852 | Vaults:5 | Got a silver rune of Zot
 62007 | Vaults:5 | Identified the staff "Vauck" {rC+ Int+2 SInv Ice}
 62221 | Vaults:5 | 62221 ||| PLANNING SHOPPING SPREE
 62221 | Vaults:5 | 62221 ||| DROPPING +2 storm dragon scales {Bai Suzhen}.
 62222 | Vaults:5 | 62222 ||| UPGRADING to +2 plate armour of positive energy.
 62232 | Vaults:5 | 62232 ||| DROPPING scarf of repulsion.
 62441 | D:12     | 62441 ||| BUYING potion of curing (42 gold).
 62441 | D:12     | Bought a potion of curing for 42 gold pieces
 62441 | D:12     | 62441 ||| BUYING potion of heal wounds (70 gold).
 62441 | D:12     | Bought a potion of heal wounds for 70 gold pieces
 62441 | D:12     | 62441 ||| BUYING potion of lignification (42 gold).
 62441 | D:12     | Bought a potion of lignification for 42 gold pieces
 62441 | D:12     | 62441 ||| BUYING potion of magic (112 gold).
 62441 | D:12     | Bought a potion of magic for 112 gold pieces
 62729 | D:2      | 62729 ||| BUYING +2 plate armour of fire resistance (520
                  | gold).
 62729 | D:2      | Bought a +2 plate armour of fire resistance for 520 gold
                  | pieces
 62729 | D:2      | 62729 ||| DROPPING +1 plate armour of fire resistance.
 62944 | D:12     | 62944 ||| BUYING potion of resistance (150 gold).
 62944 | D:12     | Bought a potion of resistance for 150 gold pieces
 62944 | D:12     | 62944 ||| BUYING scroll of acquirement (780 gold).
 62944 | D:12     | Bought a scroll of acquirement for 780 gold pieces
 62944 | D:12     | 62944 ||| READING scroll of acquirement.
 62944 | D:12     | 62944 ||| ACQUIRING +4 broad axe of electrocution
 62944 | D:12     | Acquired a +4 broad axe of electrocution
 62946 | D:12     | 62946 ||| SWAPPING to +4 broad axe of electrocution.
 62947 | D:12     | 62947 ||| DROPPING +3 broad axe.
 63163 | D:6      | 63163 ||| BUYING shiny plate armour (702 gold).
 63163 | D:6      | Bought a shiny plate armour for 702 gold pieces
 63163 | D:6      | 63163 ||| CLEARING SHOPPING LIST
 63163 | D:6      | 63163 ||| PLANNING ZOT:1-4
 63499 | Zot:1    | Entered Level 1 of the Realm of Zot
 63500 | Zot:1    | 63500 ||| INVOKING Heroism.
 63521 | Zot:1    | 63521 ||| Stepping ~*~*~tactically~*~*~ (stealth).
 63590 | Zot:1    | 63590 ||| INVOKING Heroism.
 63764 | Zot:1    | Found a transporter.
 63776 | Zot:1    | 63776 ||| Stepping ~*~*~tactically~*~*~ (hiding).
 63780 | Zot:1    | 63780 ||| Stepping ~*~*~tactically~*~*~ (hiding).
 63796 | Zot:1    | 63796 ||| INVOKING Heroism.
 63809 | Zot:1    | HP: 33/182 [green draconian monk (30)]
 63810 | Zot:1    | 63810 ||| READING 3 scrolls of teleportation.
 63810 | Zot:1    | Demolished by a green draconian monk

Levels and vault maps discovered:
D:1:      lightli_arrival_statue_moat, layout_loops_ring
D:2:      layout_basic, ebering_ecumenical_altar_sacrificial, serial_shops, shop
D:3:      layout_basic
D:4:      layout_basic, uniq_menkaure, uniq_natasha
D:5:      layout_basic, mainiacjoe_overflow_tiny_flanked
D:6:      layout_loops_ring, minmay_temple_entry_slanted, serial_shops,
          nicolae_shop_waterfront, nicolae_shop_crystal
D:7:      layout_gridville, lemuel_doored_altar, nicolae_ossuary_entry_giza,
          grunt_ministairs_10, minmay_hedge_maze
D:8:      layout_basic
D:9:      layout_big_octagon, enter_bailey_5, serial_park, serial_park_fountain,
          serial_park_paths [serial_park_minivault_5x5_2], serial_park_square3
          [serial_park_minivault_5x5_8], serial_park_square3
          [serial_park_minivault_5x5_6], serial_park_tiny_pond,
          nicolae_blasting_shop, dreamdust_gnoll_shepherd
D:10:     layout_basic, lemuel_crystal_altar, orc_0_dummy, uniq_snorg
D:11:     layout_roguey, david_lair_generic, nicolae_gozag_zags_fifth_avenue
D:12:     layout_loops_ring, serial_rivers, chequers_serial_rivers_micro_d,
          chequers_serial_rivers_micro_a, chequers_serial_rivers_micro_c,
          chequers_serial_rivers_large_b, chequers_serial_rivers_micro_e,
          hellmonk_ghost_big_iron, minmay_shop_grid_forest, minmay_the_grid_2x2
          [minmay_the_grid_mess, minmay_the_grid_minigrid_large,
          minmay_the_grid_aliased_spiral,
          minmay_the_grid_prize_shrinking_boxes], uniq_rupert
D:13:     layout_basic, gammafunk_ghost_ooze
D:14:     layout_rooms, grunt_vaults_entry_tiered, nicolae_figureground_pulse
D:15:     grunt_enter_depths_snipers, layout_irregular_city, demons_altar
Temple:   hellmonk_temple_divided_pantheon
Lair:1:   layout_roguey, basic_altar, serial_bayou_shore_b, lemuel_fruit_fields,
          lemuel_fruit_fields, infiniplex_staircase_pool_2, lemuel_fruit_fields
Lair:2:   layout_cave_shapes, skrybe_swamp_entry_bodies, serial_bayou_lake_a,
          lemuel_fruit_tree
Lair:3:   layout_roguey, guppyfry_snake_entry_garden, grunt_megastairs_5,
          uniq_prince_ribbit2
Lair:4:   layout_regular_city, roderic_carrion_pond, infiniplex_staircase_pool
Lair:5:   gammafunk_lair_ancient_temple, layout_regular_city, slime_entry_2,
          st_stairs_5, lemuel_fruit_fields, uniq_urug
Swamp:1:  layout_basic_swamp, portal_ice_cave_entry_ice_statue_two,
          nicolae_swamp_well_well_well
Swamp:2:  layout_basic_swamp, evilmike_swamp_ruin_house_1
Swamp:3:  layout_falls_marsh, evilmike_swamp_ruin_house_5, swamp_pool2,
          hangedman_swamp_dais
Swamp:4:  swamp_alternative, layout_basic_swamp, swamp_pool2,
          nicolae_swamp_bunyip_nook
Snake:1:  layout_chambers, serial_shops, bzr_entry_lakeside
Snake:2:  cheibrodos_forgotten_conduit, layout_rooms, basic_altar,
          nicolae_snake_gridmaze_spiral, serial_bayou_pond_b,
          serial_nicolae_subway, nicolae_sub_station_stone,
          nicolae_sub_station_crystal, nicolae_sub_station_metal
Snake:3:  layout_chambers, drop_trap, nicolae_snake_serpentine_hallways,
          grunt_ministairs_1, uniq_bai_suzhen
Snake:4:  grunt_snake_rune_spirals, layout_onion, uniq_aizul, uniq_louise,
          uniq_mlioglotl
Orc:1:    layout_caves, special_room [special_room_kobold], basic_altar,
          guppyfry_orc_lava_fort, uniq_fannar
Orc:2:    kennysheep_orc_mage_school, layout_diamond_mine, uniq_azrael
Vaults:1: hangedman_vaults_cutoff, nicolae_vaults_enemy_cabinets,
          hangedman_vaults_corner, v_alt_pattern_6, v_misc_30, v_misc_22,
          nicolae_vaults_trapezoid_2, hangedman_vaults_cutoff, v_alt_pattern_1,
          nicolae_vaults_storage_closets_3, vaults_room_mumra_shop_pool,
          v_alt_pattern_4, vaults_room_ringed_pool, layout_vaults_omnibox,
          serial_shops, shop
Vaults:2: vaults_room_large_hall, ontoclasm_vaults_pinch,
          nicolae_vaults_apartment_1, nicolae_vaults_house_1,
          nicolae_vaults_sealed_display, nicolae_vaults_sightless_eye,
          nicolae_vaults_sesquioval_fish, layout_vaults_omnigrid,
          minmay_crypt_entry_necro_gods, serial_shops,
          nicolae_shop_real_fake_doors
Vaults:3: ontoclasm_vaults_ring_small, vaults_room_hallway,
          nicolae_vaults_tetromino_L_1, vaults_room_boxed,
          hangedman_vaults_variations, hangedman_vaults_unwind,
          dpeg_vaults_monster_box, nicolae_vaults_wrenched,
          hangedman_vaults_nodes, nicolae_vaults_tetromino_T_1,
          nicolae_vaults_layer_cake_slice, nicolae_vaults_trapezoid_lopsided_1,
          vaults_dpeg_ring, vaults_dpeg_encased_lava, layout_vaults_omnicross
Vaults:4: hangedman_vaults_trim, nicolae_vaults_network_square,
          nicolae_vaults_turnstiles, nicolae_vaults_two_Ls, v_misc_4,
          hangedman_vaults_stagger, ontoclasm_vaults_shuriken, v_pattern_2,
          ontoclasm_vaults_twist, hangedman_vaults_impose, layout_vaults_ring
Vaults:5: uniq_mennas
Depths:1: layout_basic, nicolae_uskayaw_dance_hall,
          grunt_hell_entry_demonic_statue, serial_bayou_lagoon_b,
          minmay_shop_star
Depths:2: lemuel_river_lethe, pan_entry, hell_entry, uniq_grunn, uniq_saint_roka
Depths:3: wad_guarded_room, layout_cave_pools, rand_demon_pan_entry_9,
          chequers_serial_rivers_micro_a, hangedman_abyss_entry_splay,
          serial_shops, shop, hell_entry, lemuel_nasty_fountain
Depths:4: evilmike_zot_entry_diamond, layout_gridville, enter_ziggurat_e,
          abyss_entry_small_statue_room, minmay_misc_feat_iff,
          pf_vacation_house_of_asmodeus, statue_in_the_mist_lemuel,
          vehumet_crystals, uniq_margery
Zot:1:    gammafunk_sealed_arena, layout_twisted_circle

Skill      XL: |  1  2  3  4  5  6  7  8  9 10 11 12 13 14 15 16 17 18 19 20 21 22 23 24 25 |
---------------+----------------------------------------------------------------------------+-----
Axes           | 2 3 4 5 6 7 8 9 11 12 13 15 16 18 | 18.0
Throwing       | 1 2 3 4 6 7 9 10 11 13 | 13.0
Fighting       | 4 5 6 7 8 9 10 11 12 14 15 17 19 20 22 23 25 | 25.4
Dodging        | 1 2 3 4 5 |  5.0
Armour         | 4 6 7 9 10 11 13 14 15 16 17 19 20 22 | 22.0
Invocations    | 1 4 5 9 10 | 10.0
Shields        | 4 5 6 7 11 12 13 15 16 19 20 21 22 | 22.0

Action                     |  1- 3 |  4- 6 |  7- 9 | 10-12 | 13-15 | 16-18 | 19-21 | 22-24 | 25-27 || total
---------------------------+-------+-------+-------+-------+-------+-------+-------+-------+-------++-------
  Melee: War axe           |    84 |    93 |   255 |   630 |   287 |    20 |       |       |       ||  1369
         Morningstar       |       |       |       |       |    31 |       |       |       |       ||    31
         Broad axe         |       |       |       |       |   901 |  1869 |  1670 |  1075 |   488 ||  6003
  Throw: Javelin           |    31 |    12 |    26 |     7 |   126 |   144 |   115 |    80 |    33 ||   574
         Boomerang         |       |       |       |       |    87 |    14 |    78 |    78 |    20 ||   277
 Invoke: Heroism           |       |       |     3 |    29 |    36 |    57 |    44 |    29 |    17 ||   215
         Finesse           |       |       |       |       |     2 |     3 |     4 |     7 |     2 ||    18
    Use: Scroll            |     6 |     7 |    12 |     6 |    11 |     7 |     6 |     6 |     2 ||    63
         Potion            |       |     2 |     1 |       |     4 |     2 |     2 |     4 |     3 ||    18
   Stab: Distracted        |       |       |       |       |       |       |     2 |       |       ||     2
         Confused          |       |       |       |       |       |       |     1 |       |       ||     1
 Armour: Scale mail        |    48 |     3 |       |       |       |       |       |       |       ||    51
         Plate armour      |       |    31 |   131 |   292 |   431 |       |       |       |    68 ||   953
         Chain mail        |       |       |       |       |   127 |   785 |   697 |   539 |   176 ||  2324
  Dodge: Dodged            |    57 |    49 |   134 |   342 |   530 |   735 |   621 |   389 |   148 ||  3005
  Block: Buckler           |    21 |     8 |    44 |   106 |       |       |       |       |       ||   179
         Kite shield       |       |       |       |    50 |   632 |  1015 |    91 |       |       ||  1788
         Tower shield      |       |       |       |       |       |       |  1240 |   806 |   427 ||  2473

Table legend:
 A = Non-vault XP
 B = Vault XP
 C = Vault XP percentage of total XP
 D = Non-vault monster count
 E = Vault monster count
 F = Vault count percentage of total count
                 A         B        C        D         E       F
            +---------+---------+-------+---------+---------+-------
      Total |  519173 |  452127 |  46.5 |    1230 |     644 |  34.4
            +---------+---------+-------+---------+---------+-------
        D:1 |      55 |       0 |   0.0 |      30 |       0 |   0.0
        D:2 |      65 |       0 |   0.0 |      21 |       0 |   0.0
        D:3 |     192 |       0 |   0.0 |      30 |       0 |   0.0
        D:4 |     444 |     208 |  31.9 |      22 |       2 |   8.3
        D:5 |     659 |       0 |   0.0 |      24 |       0 |   0.0
        D:6 |     609 |       0 |   0.0 |      10 |       0 |   0.0
        D:7 |     946 |     195 |  17.1 |      12 |       8 |  40.0
        D:8 |    1456 |       0 |   0.0 |      24 |       0 |   0.0
        D:9 |    2273 |    1716 |  43.0 |      21 |      18 |  46.2
       D:10 |    2484 |     973 |  28.1 |      25 |       1 |   3.8
       D:11 |    3501 |    1035 |  22.8 |      17 |       4 |  19.0
       D:12 |    8826 |    7253 |  45.1 |      25 |      14 |  35.9
       D:13 |    7615 |       0 |   0.0 |      23 |       0 |   0.0
       D:14 |    9305 |    7567 |  44.8 |      17 |      25 |  59.5
       D:15 |   11964 |    2803 |  19.0 |      27 |       6 |  18.2
     Lair:1 |    4421 |       0 |   0.0 |      21 |       0 |   0.0
     Lair:2 |    5462 |     673 |  11.0 |      30 |       1 |   3.2
     Lair:3 |    4187 |    2707 |  39.3 |      17 |      12 |  41.4
     Lair:4 |    4432 |     422 |   8.7 |      19 |       5 |  20.8
     Lair:5 |   15238 |    8651 |  36.2 |      46 |      20 |  30.3
    Swamp:1 |   15566 |     864 |   5.3 |      38 |       2 |   5.0
    Swamp:2 |    9631 |       0 |   0.0 |      15 |       0 |   0.0
    Swamp:3 |   15060 |    4642 |  23.6 |      26 |       8 |  23.5
    Swamp:4 |    5934 |   23441 |  79.8 |      11 |      33 |  75.0
    Snake:1 |   19290 |       0 |   0.0 |      36 |       0 |   0.0
    Snake:2 |   22801 |    7900 |  25.7 |      44 |      14 |  24.1
    Snake:3 |   23005 |    4031 |  14.9 |      51 |       3 |   5.6
    Snake:4 |   18332 |   35089 |  65.7 |      42 |      41 |  49.4
      Orc:1 |    3526 |    5547 |  61.1 |      41 |      24 |  36.9
      Orc:2 |    2991 |    9254 |  75.6 |      43 |      38 |  46.9
   Vaults:1 |   42629 |   17163 |  28.7 |      66 |      24 |  26.7
   Vaults:2 |   25980 |    6202 |  19.3 |      43 |       7 |  14.0
   Vaults:3 |   31699 |   26311 |  45.4 |      45 |      37 |  45.1
   Vaults:4 |   19014 |   27078 |  58.7 |      33 |      35 |  51.5
   Vaults:5 |   25334 |   93045 |  78.6 |      32 |      79 |  71.2
   Depths:1 |   46371 |   12263 |  20.9 |      63 |      18 |  22.2
   Depths:2 |   12884 |  106773 |  89.2 |       9 |     127 |  93.4
   Depths:3 |   21932 |   19333 |  46.9 |      22 |      22 |  50.0
   Depths:4 |   17547 |   18988 |  52.0 |      19 |      16 |  45.7
      Zot:1 |   14762 |       0 |   0.0 |      11 |       0 |   0.0
    Abyss:2 |   21676 |       0 |   0.0 |      42 |       0 |   0.0
    Abyss:3 |   19075 |       0 |   0.0 |      37 |       0 |   0.0
            +---------+---------+-------+---------+---------+-------
